Workbook

Sheet тит.лист
G1: Утверждена
G2: постановлением Администрации
G3: городского округа Щёлково
G4: от __________ № __________
A11: Муниципальная программа городского округа Щёлково «Культура и туризм»
A14: Срок реализации муниципальной программы 2023-2028 годы
A16: Утверждена постановлением Администрации городского округа Щёлково от 05.12.2022 № 3851
A19: Список изменяющих документов:
A20: Постановление Администрации городского округа Щёлково от 14.03.2023 № 801
A21: Постановление Администрации городского округа Щёлково от 03.07.2023 № 2401
A22: Постановление Администрации городского округа Щёлково от 29.09.2023 № 3611
A23: Постановление Администрации городского округа Щёлково от 18.01.2024 № 64
A24: Постановление Администрации городского округа Щёлково от 12.03.2024 № 905
A25: Постановление Администрации городского округа Щёлково от 18.06.2024 № 2576
A26: Постановление Администрации городского округа Щёлково от 20.11.2024 № 5272
A27: Постановление Администрации городского округа Щёлково от 14.02.2025 № 665
... A37: Дата размещения в Подсистеме по формированию муниципальных программ Московской области ГАС «Управление» 27.08.2026

Sheet паспорт мп
A1: Паспорт Муниципальной программы городского округа Щёлково «Культура и туризм»
A4: Координатор муниципальной программы | B4: Заместитель Главы городского округа Щёлково по социальной политике
A5: Муниципальный заказчик муниципальной программы | B5: Комитет по культуре и туризму Администрации городского округа Щёлково
A6: Цели муниципальной программы | B6: 1.Обеспечение доступности населения городского округа Щёлково к культурным ценностям и удовлетворение культурных потребностей граждан.
B7: 2.Повышение качества услуг в сфере культуры городского округа Щёлково
B8: 3.Реализация достижения показателей, предусмотренных в Указах Президента Российской Федерации.
A9: Перечень подпрограмм | B9: Подпрограмма II. «Развитие музейного дела»
B10: Подпрограмма III. «Развитие библиотечного дела»
B11: Подпрограмма IV «Развитие профессионального искусства, гастрольно-концертной и культурно-досуговой деятельности, кинематографии»
B12: Подпрограмма V «Укрепление материально-технической базы муниципальных учреждений культуры»
B13: Подпрограмма VI «Развитие образования в сфере культуры»
B14: Подпрограмма VIII «Обеспечивающая подпрограмма»
A15: Краткая характеристика подпрограмм | B15: 1. Подпрограмма II «Развитие музейного дела». Приобретение культурных ценностей, реставрация музейных предметов, создание музейных выставок и экспозиций, приобретение фондового, реставрационного и экспозиционного оборудования, проведение капитального ремонта, текущего ремонта и благоустройство территорий в муниципальных музеях городского округа Щёлково
B16: 2. Подпрограмма III «Развитие библиотечного дела». Организация библиотечного обслуживания населения, комплектование книжных фондов актуальными изданиями, развития литературного творчества и популяризации чтения
B17: 3. Подпрограмма IV «Развитие профессионального искусства, гастрольно-концертной и культурно-досуговой деятельности, кинематографии». Обеспечение функций муниципальных театрально-концертных учреждений городского округа Щёлково, проведение праздничных и культурно-массовых мероприятий, творческих проектов муниципального значения в сфере культуры
B18: 4. Подпрограмма V «Укрепление материально-технической базы муниципальных учреждений культуры». Модернизация материально-технической базы учреждений культуры для создания комфортных условий развития народного творчества, творческой самореализации граждан и предоставления услуг населению в сфере культуры
B19: 5. Подпрограмма VI «Развитие образования в сфере культуры». Реализации прав граждан на получение профессионального образования, обеспечение мер социальной поддержки обучающихся в подведомственных образовательных организациях, укрепление материально-технической базы образовательных организаций сферы культуры
B20: 6. Подпрограмма VIII «Обеспечивающая подпрограмма». Обеспечение эффективного выполнения функций и полномочий органов местного самоуправления в сфере культуры и туризма
A21: Источник финансирования муниципальной программы, в том числе по годам: | B21: Расходы (тыс.руб.)
B22: Всего | C22: 2023 | D22: 2024 | E22: 2025 | F22: 2026 | G22: 2027 | H22: 2028
A23: Средства городского округа Щёлково | B23: =SUM(C23:H23) -> 7696817.8 | C23: ='паспорт пп2'!E8+'паспорт пп 3'!E8+'паспорт пп 4'!E8+'паспорт пп 5'!E8+'паспорт пп 6'!E8+'паспорт пп 8'!E8 -> 1070815.1 | D23: ='паспорт пп2'!F8+'паспорт пп 3'!F8+'паспорт пп 4'!F8+'паспорт пп 5'!F8+'паспорт пп 6'!F8+'паспорт пп 8'!F8 -> 1261667.3 | E23: ='паспорт пп2'!G8+'паспорт пп 3'!G8+'паспорт пп 4'!G8+'паспорт пп 5'!G8+'паспорт пп 6'!G8+'паспорт пп 8'!G8 -> 1262115.8 | F23: ='паспорт пп2'!H8+'паспорт пп 3'!H8+'паспорт пп 4'!H8+'паспорт пп 5'!H8+'паспорт пп 6'!H8+'паспорт пп 8'!H8 -> 1439364.6 | G23: ='паспорт пп2'!I8+'паспорт пп 3'!I8+'паспорт пп 4'!I8+'паспорт пп 5'!I8+'паспорт пп 6'!I8+'паспорт пп 8'!I8 -> 1367331.6 | H23: ='паспорт пп2'!J8+'паспорт пп 3'!J8+'паспорт пп 4'!J8+'паспорт пп 5'!J8+'паспорт пп 6'!J8+'паспорт пп 8'!J8 -> 1295523.3
A24: Средства бюджета Московской области | B24: =SUM(C24:H24) -> 223285.78 | C24: ='паспорт пп 3'!E9+'паспорт пп 4'!E9+'паспорт пп 5'!E9+'паспорт пп2'!E9+'паспорт пп 8'!E9 -> 34578.91 | D24: ='паспорт пп2'!F9+'паспорт пп 3'!F9+'паспорт пп 4'!F9+'паспорт пп 5'!F9+'паспорт пп 6'!F9+'паспорт пп 8'!F9 -> 57738.46 | E24: ='паспорт пп2'!G9+'паспорт пп 3'!G9+'паспорт пп 4'!G9+'паспорт пп 5'!G9+'паспорт пп 6'!G9 -> 97797.35 | F24: ='паспорт пп2'!H9+'паспорт пп 3'!H9+'паспорт пп 4'!H9+'паспорт пп 5'!H9+'паспорт пп 6'!H9 -> 22106.86 | G24: ='паспорт пп2'!I9+'паспорт пп 3'!I9+'паспорт пп 4'!I9+'паспорт пп 5'!I9+'паспорт пп 6'!I9 -> 7568.87 | H24: ='паспорт пп2'!J9+'паспорт пп 3'!J9+'паспорт пп 4'!J9+'паспорт пп 5'!J9+'паспорт пп 6'!J9 -> 3495.33
A25: Средства Федерального бюджета | B25: =SUM(C25:H25) -> 45787.23 | C25: ='паспорт пп 3'!E10+'паспорт пп 4'!E10 -> 7450.51 | D25: ='паспорт пп 3'!F10+'паспорт пп 4'!F10+'паспорт пп 6'!F10 -> 2591.82 | E25: ='паспорт пп 3'!G10+'паспорт пп 4'!G10+'паспорт пп 6'!G10 -> 17547.06 | F25: ='паспорт пп 3'!H10+'паспорт пп 4'!H10+'паспорт пп 6'!H10 -> 3454.47 | G25: ='паспорт пп 3'!I10+'паспорт пп 4'!I10+'паспорт пп 6'!I10 -> 11643.75 | H25: ='паспорт пп 3'!J10+'паспорт пп 4'!J10+'паспорт пп 6'!J10 -> 3099.62
A26: Внебюджетные источники | B26: =SUM(C26:H26) -> 760768.43 | C26: ='паспорт пп2'!E10+'паспорт пп 3'!E11+'паспорт пп 4'!E11+'паспорт пп 6'!E11 -> 95157.99 | D26: ='паспорт пп2'!F10+'паспорт пп 3'!F11+'паспорт пп 4'!F11+'паспорт пп 6'!F11 -> 122455.76 | E26: ='паспорт пп2'!G10+'паспорт пп 3'!G11+'паспорт пп 4'!G11+'паспорт пп 6'!G11 -> 143094.42 | F26: ='паспорт пп2'!H10+'паспорт пп 3'!H11+'паспорт пп 4'!H11+'паспорт пп 6'!H11 -> 133353.42 | G26: ='паспорт пп2'!I10+'паспорт пп 3'!I11+'паспорт пп 4'!I11+'паспорт пп 6'!I11 -> 133353.42 | H26: ='паспорт пп2'!J10+'паспорт пп 3'!J11+'паспорт пп 4'!J11+'паспорт пп 6'!J11 -> 133353.42
A27: Всего, в том числе по годам: | B27: =SUM(C27:H27) -> 8726659.3 | C27: =C25+C24+C23+C26 -> 1208002.5 | D27: =D25+D24+D23+D26 -> 1444453.3 | E27: =E25+E24+E23+E26 -> 1520554.6 | F27: =F25+F24+F23+F26 -> 1598279.4 | G27: =G25+G24+G23+G26 -> 1519897.7 | H27: =H25+H24+H23+H26 -> 1435471.7
A29: 1. Краткая характеристика сферы реализации муниципальной программы.
A31: Муниципальная программа городского округа Щёлково «Культура и туризм» (далее – Программа) реализуется согласно требованиям Федерального Закона от 6 октября 2003г. N 131 «Об общих принципах организации местного самоуправления в Российской Федерации», приказа Министерства культуры и массовых коммуникаций Российской Федерации от 25.05.2006 г. N 229 «Об утверждении методических указаний по реализации вопросов местного значения в сфере культуры городских и сельских поселений, муниципальных районов и методических рекомендаций по сосданию условий для развития местного традиционного народного художественного творчества» и разработана на основе нормативных правовых актов городского округа Щёлково в сфере культуры. Программа разработана в качестве метода осуществления программно-целевого управления в сфере культуры городского округа Щёлково.
A32: Разработка Программы обусловлена необходимостью формирования условий для обеспечения доступности к культурному досугу всем категориям населения городского округа Щёлково по месту жительства, независимо от возраста.
A33: Приоритетным в реализации Программы является обеспечение конституционных прав граждан на получение качественных услуг в сфере культуры, их общедоступность, а также формирование художественных и эстетических вкусов жителей.
A34: Масштаб культурно-массовой и досуговой работы, разнообразие направлений деятельности творческих коллективов требуют улучшения условий оказания услуг и материально-технической базы учреждений культуры, поиск инновационных методов работы. В этой связи Программа носит комплексный характер и обеспечивает последовательность в реализации системы мер по реализации государственной политики в сфере культуры, направленной на создание правовых, экономических и организационных условий для всестороннего, гармоничного развития личности, поддержки творчески одарённых детей и молодежи, коллективов народного творчества в целях повышения социального благополучия населения городского округа Щёлково.
A36: 2. Цели Программы.
A38: 1.Обеспечение доступности населения городского округа Щёлково к культурным ценностям и удовлетворение культурных потребностей граждан.
A39: 2.Повышение качества услуг в сфере культуры в городского округа Щёлково.
A40: 3.Реализация достижения показателей, предусмотренных в Указах Президента Российской Федерации, обращениях Губернатора Московской области.
A44: Подпрограмма II. «Развитие музейного дела»
A45: В городском округе Щёлково расположено Муниципальное бюджетное учреждение культуры городского округа Щёлково "Щёлковский историко-художественный музей", включающее три структурных подразделения: отдел "Выставочный зал "Галерея", отдел "Усадьба Фряново", сектор "Парк усадьбы Фряново" . Ежегодно музеи посещают 14 тыс. чел. Число предметов основного фонда в музеях постоянно растет, и составляет более 25 тыс. экземпляров. Сектор "Парк усадьбы Фряново" является объектом культурного наследия федерального значения "Господский дом усадьбы Фряново". В музеях постоянно проводятся экскурсии, лекции, выставки, мастер-классы, культурно-досуговые мероприятия. В современных условиях в работе музея на первый план выдвигается досуговая деятельность. Для этого улучшаются условия приема посетителей, внедряются в практику работы качественно новые привлекательные программы, улучшается материально-техническая база, проводятся ремонтные и прочие работы.
A47: Подпрограмма III. «Развитие библиотечного дела»
... A74: Цель Программы - повышение качества жизни населения путем развития услуг в сфере культуры. Задачи Программы: - повышение качества услуг в сфере культуры; - поддержка и развитие творческой деятельности на территории городского округа Щёлково; - развитие культурного пространства городского округа Щёлково и сохранение традиций отечественной культуры; - модернизация инфраструктуры сферы культуры; - поддержка кадрового потенциала сферы культуры;
A76: В муниципальной программе «Культура и туризм» предусмотрено финансирование в объеме: | F76: =B27 -> 8726659.3 | G76: тыс. руб.
A77: в том числе по годам реализации:
A78: 2023 год | B78: =C27 -> 1208002.5 | C78: тыс. руб.;
A79: 2024 год | B79: =D27 -> 1444453.3 | C79: тыс. руб.;
A80: 2025 год | B80: =E27 -> 1520554.6 | C80: тыс. руб.;
A81: 2026 год | B81: =F27 -> 1598279.4 | C81: тыс. руб.;
A82: 2027 год | B82: =G27 -> 1519897.7 | C82: тыс. руб.;
A83: 2028 год | B83: =H27 -> 1435471.7 | C83: тыс. руб.;
A85: В муниципальной программе учтены налоговые расходы, соответствующие целям муниципальной программы в объеме 46 278,00 тыс. рублей
A87: № п/п | B87: Наименование налогового расхода (целевая категория налогоплательщика) | E87: Основания налогового расхода | F87: Оценка объемов налоговых расходов
F88: 2026 год (тыс.руб.) | G88: 2027 год (тыс.руб.) | H88: 2028 год (тыс.руб)
A89: 1 | B89: Освобождение от уплаты земельного налога органы местного самоуправления городского округа Щёлково Московской области, муниципальные учреждений городского округа Щёлково Московской области, земельные участки которых находятся на территории городского округа Щёлково и финансовое обеспечение деятельности которых осуществляется за счет средств бюджета городского округа Щёлково | E89: пункт 5.7 Решения Совета депутатов городского округа Щёлково от 14.10.2019 № 29/3-8 НПА "О земельном налоге на территории городского округа Щёлково Московской области" | F89: 15413 | G89: 15430 | H89: 15435
A92: 3.Состав, форма и сроки представления отчетности о ходе реализации мероприятий Программы.
A94: Предоставление отчетности о ходе реализации мероприятий Программы осуществляются в соответствии с разделом 8 «Контроль и отчетность при реализации муниципальной программы» Порядка разработки и реализации муниципальных программ городского округа Щёлково, утвержденного постановлением Администрации городского округа Щёлково от 31.10.2023 № 4047 «Об утверждении Порядка разработки и реализации муниципальных программ городского округа Щёлково».

Sheet Целевые показатели МП
M1: Приложение 1 к Программе
A3: Целевые показатели муниципальной программы «Культура и туризм»
A5: № п/п | B5: Наименование целевых показателей | C5: Тип показателя | D5: Единица измерения | E5: Базовое значение на начало реализации подпрограммы | F5: Планируемое значение по годам реализации подпрограмм | L5: Ответственный за достижения показателя | M5: Номер подпрограммы, мероприятий, оказывающих влияние на достижение показателя
F6: 2023 год | G6: 2024 год | H6: 2025 год | I6: 2026 год | J6: 2027 год | K6: 2028 год
A7: 1 | B7: 2 | C7: 3 | D7: 4 | E7: 5 | F7: 6 | G7: 7 | H7: 8 | I7: 9 | J7: 10 | K7: 11 | L7: 12 | M7: 13
B8: Подпрограмма II. «Развитие музейного дела»
A9: 2.1. | B9: Цифровизация музейных фондов | C9: Отраслевой показатель | D9: единица | E9: 14018 | F9: 17883 | G9: 17730 | H9: 18264 | I9: 19412 | J9: 20246 | K9: 20750 | L9: Комитет по культуре и туризму Администрации городского поселения Щёлково | M9: 2, 01.01
B10: Подпрограмма III «Развитие библиотечного дела»
A11: 3.1. | B11: Макропоказатель подпрограммы. Обеспечение роста числа пользователей муниципальных библиотек Московской области | C11: Отраслевой показатель | D11: человек | E11: 42769 | F11: 40278 | G11: 40160 | H11: 35459 | I11: 35600 | J11: 35610 | K11: 35620 | L11: Комитет по культуре и туризму Администрации городского поселения Щёлково | M11: 3, 01.02
A12: 3.2. | B12: Количество переоснащенных муниципальных библиотек по модельному стандарту | C12: Отраслевой показатель | D12: единица | E12: - | F12: 1 | G12: - | H12: 1 | I12: - | J12: - | K12: - | L12: Комитет по культуре и туризму Администрации городского поселения Щёлково | M12: 3, Я5.01
B13: Подпрограмма IV «Развитие профессионального искусства, гастрольно-концертной и культурно-досуговой деятельности, кинематографии»
A14: 4.1. | B14: Число посещений мероприятий организаций культуры | C14: Указ ПРФ от 04.02.2021 № 68 «Об оценке эффективности деятельности высших должностных лиц (руководителей высших исполнительных органов государственной власти) субъектов Российской Федерации и деятельности органов исполнительной власти субъектов Российской Федерации», приоритетный показатель на 2024 год | D14: тыс. единиц | E14: 873.035 | F14: 948.846 | G14: 1093.884 | H14: - | I14: - | J14: - | K14: - | L14: Комитет по культуре и туризму Администрации городского поселения Щёлково | M14: 2, 01.02 2, 01.03 2, 01.04 2, 03.01 2, 03.02 2, 03.03 2, 03.04 2, 03.05 2, Я5.01 3, 01.01 3, 01.02 3, 01.03 3, 01.04 3, 01.06 3, 02.01 3, 02.02 3, 02.03 3, 02.04 3, А1.01 3, Я5.01 4, 01.01 4, 01.02 4, 01.03 4, 01.04 4, 02.01 4, 02.04 4, 02.06 4, 03.01 4, 04.01 4, 04.02 4, 05.01 4, 05.02 4, 05.03 4, 05.04 4, 05.05 4, 05.06 4, 05.08 4, 05.09 4, 06.01 4, 06.03 4, 07.02 4, Я5.01 5, 02.04 6, 03.01 6, 03.03 6, 03.05 6, 03.10 6.03.11 6, 04.01 6, 04.04 6, 05.01 6, 05.02
A16: 4.2. | B16: Число посещений мероприятий организаций культуры | C16: Отраслевой показатель | D16: тыс. единиц | E16: - | F16: - | G16: - | H16: 1395.328 | I16: 1267.476 | J16: 1713.293 | K16: 1872.331 | L16: Комитет по культуре и туризму Администрации городского поселения Щёлково
A17: 4.3. | B17: Количество граждан, принимающих участие в добровольческой деятельности | C17: Отраслевой показатель | D17: единица | E17: 77 | F17: 103 | G17: 129 | H17: 155 | I17: 181 | J17: 200 | K17: 220 | L17: Комитет по культуре и туризму Администрации городского поселения Щёлково | M17: 4, 01.02
B18: Подпрограмма V «Укрепление материально-технической базы муниципальных учреждений культуры»
A19: 5.1. | B19: Доля приоритетных объектов, доступных для инвалидов и других маломобильных групп населения в сфере культуры и дополнительного образования сферы культуры, в общем количестве приоритетных объектов в сфере культуры и дополнительного образования сферы культуры в Московской области | C19: Отраслевой показатель | D19: процент | E19: - | F19: 63.6 | G19: - | H19: - | I19: - | J19: - | K19: - | L19: Комитет по культуре и туризму Администрации городского поселения Щёлково | M19: 5, 01.01
B20: Подпрограмма VI «Развитие образования в сфере культуры»
A21: 6.1. | B21: Доля детей в возрасте от 5 до 18 лет, охваченных дополнительным образованием сферы культуры | C21: Отраслевой показатель | D21: процент | E21: =3646/31416*100 -> 11.605551 | F21: 11.7 | G21: 10.5 | H21: 11.1 | I21: 10.7 | J21: 10.8 | K21: 10.8 | L21: Комитет по культуре и туризму Администрации городского поселения Щёлково | M21: 6. 01 01
A22: 6.2. | B22: Доля детей, осваивающих дополнительные предпрофессиональные программы в области искусств за счет бюджетных средств от общего количества обучающихся в детских школах искусств за счет бюджетных средств | C22: Отраслевой показатель | D22: процент | E22: - | F22: - | G22: 62 | H22: 76 | I22: 80 | J22: 80 | K22: 80 | L22: Комитет по культуре и туризму Администрации городского поселения Щёлково | M22: 6. 01 01
A23: 6.3. | B23: Количество оснащенных образовательных учреждений в сфере культуры (детских школ искусств по видам искусств и училищ) музыкальными инструментами, оборудованием и учебными материалами | C23: Отраслевой показатель | D23: единица | E23: - | F23: - | G23: - | H23: 1 | I23: 0 | J23: 2 | K23: 2 | L23: Комитет по культуре и туризму Администрации городского поселения Щёлково | M23: 6, Я5.01
A24: 6.4. | B24: Количество оснащенных образовательных организаций в сфере культуры (детские школы искусств по видам искусств и училищ) музыкальными инструментами | C24: Отраслевой показатель | D24: единица | E24: - | F24: - | G24: - | H24: - | I24: 4 | J24: - | K24: - | L24: Комитет по культуре и туризму Администрации городского поселения Щёлково | M24: 6, 03.04

Sheet Методика расчета ЦП
A3: Методика расчета значений целевых показателей муниципальной подпрограммы
A5: № п/п | B5: Наименование целевого показателя | D5: Тип целевого показателя | E5: Единица измерения | F5: Порядок расчета целевого показателя | G5: Источники получения информации | H5: Периодичность предоставления
B6: Подпрограмма II. «Развитие музейного дела»
A7: 2.1. | B7: Цифровизация музейных фондов | D7: Отраслевой показатель | E7: единица | F7: Плановое значение - плановое количество музейного фонда планируемого к переводу в электронный вид в отчетном году (не нарастающим итогом) Итоговое значение - фактическое количество музейного фонда переведенного в электронный вид в отчетном году (не нарастающим итогом) | G7: Государственный каталог Музейного фонда Российской Федерации | H7: Квартальная
B8: Подпрограмма III «Развитие библиотечного дела»
A9: 3.1. | B9: Макропоказатель подпрограммы. Обеспечение роста числа пользователей муниципальных библиотек Московской области | D9: Отраслевой показатель | E9: человек | F9: Число пользователей библиотек | G9: Форма федерального статистического наблюдения № 6-НК «Сведения об общедоступной (публичной) библиотеке» | H9: Квартальная
A10: 3.2. | B10: Количество переоснащенных муниципальных библиотек по модельному стандарту | D10: Отраслевой показатель | E10: единица | F10: Количество переоснащенных библиотек | G10: Определяется ОМСУ | H10: Квартальная
B11: Подпрограмма IV «Развитие профессионального искусства, гастрольно-концертной и культурно-досуговой деятельности, кинематографии»
A12: 4.1., 4.2. | B12: Число посещений мероприятий организаций культуры | D12: Отраслевой показатель | E12: тыс. единиц | F12: В соответствии с методикой, утвержденной Постановлением Правительства РФ от 03.04.2021 № 542 «Об оценке эффективности деятельности высших должностных лиц (руководителей высших исполнительных органов государственной власти) субъектов Российской Федерации и деятельности органов исполнительной власти субъектов Российской Федерации» I(t) = A(t) + B(t) + C(t) + D(t) + E(t) + F(t) + G(t) + H(t) + J(t) + K(t) + L(t) + M(t) + N(t), где: I(t) - суммарное число посещений культурных мероприятий; A(t) - число посещений библиотек; B(t) - число посещений культурно-массовых мероприятий учреждений культурно-досугового типа и иных организаций; C(t) - число посещений музеев; D(t) - число посещений театров; E(t) - число посещений парков культуры и отдыха; F(t) - число посещений концертных организаций и самостоятельных коллективов; G(t) - число посещений цирков; H(t) - число посещений зоопарков; J(t) - число посещений кинотеатров; K(t) - число обращений к цифровым ресурсам в сфере культуры, которое определяется по данным счетчика «Цифровая культура» (Единое информационное пространство в сфере культуры). В разрезе субъекта Российской Федерации учитывается число обращений к цифровым ресурсам данного субъекта; L(t) - число посещений культурных мероприятий, проводимых детскими школами искусств по видам искусств; M(t) - число посещений культурных мероприятий, проводимых профессиональными образовательными организациями; N(t) - число посещений культурных мероприятий, проводимых образовательными организациями высшего образования; t - отчетный период. В соответствии с методикой, утвержденной Постановлением Правительства РФ от 03.04.2021 № 542 «Об оценке эффективности деятельности высших должностных лиц (руководителей высших исполнительных органов государственной власти) субъектов Российской Федерации и деятельности органов исполнительной власти субъектов Российской Федерации» I(t) = A(t) + B(t) + C(t) + D(t) + E(t) + F(t) + G(t) + H(t) + J(t) + K(t) + L(t) + M(t) + N(t), где: I(t) - суммарное число посещений культурных мероприятий; A(t) - число посещений библиотек; B(t) - число посещений культурно-массовых мероприятий учреждений культурно-досугового типа и иных организаций; C(t) - число посещений музеев; D(t) - число посещений театров; E(t) - число посещений парков культуры и отдыха; F(t) - число посещений концертных организаций и самостоятельных коллективов; G(t) - число посещений цирков; H(t) - число посещений зоопарков; J(t) - число посещений кинотеатров; K(t) - число обращений к цифровым ресурсам в сфере культуры, которое определяется по данным счетчика «Цифровая культура» (Единое информационное пространство в сфере культуры). В разрезе субъекта Российской Федерации учитывается число обращений к цифровым ресурсам данного субъекта; L(t) - число посещений культурных мероприятий, проводимых детскими школами искусств по видам искусств; M(t) - число посещений культурных мероприятий, проводимых профессиональными образовательными организациями; N(t) - число посещений культурных мероприятий, проводимых образовательными организациями высшего образования; t - отчетный период. | G12: Источниками информации служат данные организаций, подтвержденные отчетами билетно-кассовых систем, бухгалтерии, данными общедоступных интернет-сервисов, сводные данные Министерства культуры Московской области, Министерства образования Московской области, Министерства благоустройства Московской области, иных государственных органов исполнительной власти и органов местного самоуправления, курирующих деятельность организаций (учреждений), которые проводят культурные мероприятия, в том числе: АИС «Статистическая отчетность отрасли» - автоматизированная информационная система Министерства культуры Российской Федерации; АИС «Единое информационное пространство в сфере культуры» - автоматизированная информационная система Министерства культуры Российской Федерации; ЕАИС - единая федеральная автоматизированная информационная система сведений о показах фильмов в кинозалах Министерства культуры Российской Федерации; ЕГИС «Информационно-аналитическая система» - единая государственная информационная система Министерства просвещения Российской Федерации; ИАС «Мониторинг» - информационная аналитическая система Министерства науки и высшего образования Российской Федерации | H12: Квартальная
A15: 4.3. | B15: Количество граждан, принимающих участие в добровольческой деятельности | D15: Отраслевой показатель | E15: единица | F15: Количество граждан Московской области, зарегистрированных на единой информационной системе в сфере развития добровольчества (волонтерства) DOBRO.RU и принимающих участие в добровольческой (волонтерской) деятельности по направлению «Культура и искусство» | G15: Формируется на основании информации, размещенной в единой информационной системе в сфере развития добровольчества (волонтерства) DOBRO.RU | H15: Квартальная
B16: Подпрограмма V «Укрепление материально-технической базы муниципальных учреждений культуры»
A17: 5.1. | B17: Доля приоритетных объектов, доступных для инвалидов и других маломобильных групп населения в сфере культуры и дополнительного образования сферы культуры, в общем количестве приоритетных объектов в сфере культуры и дополнительного образования сферы культуры в Московской области | D17: Отраслевой показатель | E17: процент | F17: Показатель рассчитывается по формуле: Ддо = Nипо/ Nоко*100%, где: Ддо - доля приоритетных объек-тов, доступных для инвалидов и других маломобильных групп населения в сфере культуры и дополнительного образования сферы культуры, в общем количе-стве приоритетных объектов в сфере культуры и дополнительно-го образования сферы культуры в Московской области; Nипо - количество доступных для инвалидов и других маломобиль-ных групп населения приоритет-ных объектов в сфере культуры и дополнительного образования сферы культуры; Nоко - общее количество приори-тетных объектов в сфере культу-ры и дополнительного образова-ния сферы культуры в Москов-ской области | G17: Реестр приоритетных объектов в сфере культуры и дополнитель-ного образования сферы куль-туры, а также результаты прове-денной паспортизации объектов культуры в Московской области | H17: Квартальная
B18: Подпрограмма VI «Развитие образования в сфере культуры»
A19: 6.1. | B19: Доля детей в возрасте от 5 до 18 лет, охваченных дополнительным образованием сферы культуры | D19: Отраслевой показатель | E19: процент | F19: Дд = Кддо/ Кд х 100, где: Дд - доля детей в возрасте от 5 до 18 лет, охваченных дополнительным образованием сферы культуры Кддо – количество детей, охваченных дополнительным образованием сферы культуры Кд - численность детей в возрасте от 5 до 18 лет | G19: Форма федерального статистического наблюдения № 1-ДШИ «Сведения о детской музыкальной, художественной, хореографической школе и школе искусств» | H19: Годовой
A20: 6.2. | B20: Доля детей, осваивающих дополнительные предпрофессиональные программы в области искусств за счет бюджетных средств от общего количества оучающихся в детских школах искусств за счет бюджетных средств | D20: Отраслевой показатель | E20: процент | F20: Ддпп = Кдпп/ Кддо х 100, где: Ддпп - доля детей, осваивающих дополнительные предпрофессиональные программы в области искусств за счет бюджетных средств от общего количества обучающихся в детских школах искусств за счет бюджетных средств Кдпп – количество детей, осваивающих дополнительные предпрофессиональные программы в области искусств за счет бюджетных средств Кддо – количество детей, обучающихся в детских школах искусств по видам искусств за счет бюджетных средств | G20: Форма федерального статистического наблюдения № 1-ДШИ «Сведения о детской музыкальной, художественной, хореографической школе и школе искусств» | H20: Годовой
A21: 6.3. | B21: Количество оснащенных образовательных учреждений в сфере культуры (детских школ искусств по видам искусств и училищ) музыкальными инструментами, оборудованием и учебными материалами | D21: Отраслевой показатель | E21: единица | F21: Количество оснащенных образовательных учреждений в сфере культуры музыкальными инструментами, оборудованием и учебными материалами | G21: Отчеты муниципальных образований | H21: Годовой
A22: 6.4. | B22: Количество оснащенных образовательных организаций в сфере культуры (детские школы искусств по видам искусств и училищ) музыкальными инструментами | D22: Отраслевой показатель | E22: единица | F22: Количество оснащенных образовательных организаций в сфере культуры музыкальными инструментами | G22: Отчеты муниципальных образований | H22: Годовой

Sheet Методика определ результ
A3: Методика определения результатов выполнения мероприятий подпрограммы
A5: № п/п | B5: Наименование подпрограммы, основного мероприятия, мероприятия | C5: Наименование результата выполнения мероприятия | D5: Единица измерения | E5: Порядок определения значения результата выполнения мероприятий
B6: Подпрограмма II. «Развитие музейного дела»
A7: 2.1. | B7: 02.01.01.01. | C7: Доля достижения показателей муниципального задания, характеризующих объем оказываемых муниципальных услуг (работ) от установленных показателей муниципального задания, характеризующих объем муниципальных услуг (работ) для муниципальных учреждений - музеи, галереи, процент | D7: процент | E7: D = (〖∑_i^n (V〗_i^факт x 100/ V_i^гз))/n, где D – доля достижения показателя; V_i^факт- фактический объем муниципального задания по i -ой муниципальной услуге (работе); V_i^гз – утвержденный объем муниципального задания по i -ой муниципальной услуге (работе); n – общее количество услуг (работ) установленных муниципальным заданием. Отчеты о выполнении муниципальных заданий
A8: 2.2. | B8: 02.01.01.04. | C8: Соотношение средней заработной платы работников муниципальных учреждений культуры без учета внешних совместителей и среднемесячной начисленной заработной платы наемных работников в организациях, у индивидуальных предпринимателей и физических лиц (среднемесячному доходу от трудовой деятельности) в Московской области, процент | D8: процент | E8: Отчеты о достижении значений результатов предоставления субсидии (форма установлена соглашением о предоставлении субсидии из бюджета Московской области).
A9: 2.3. | B9: 02.03.03.01. | C9: Осуществлена поставка товаров, работ, услуг в целях модернизации (развития) материально-технической базы муниципальных музеев, (ед.) | D9: единица | E9: Отчеты о достижении значений результатов предоставления субсидии (форма установлена соглашением о предоставлении из бюджета городского округа Московской области субсидии на иные цели муниципальному бюджетному или автономному учреждению)
A10: 2.4. | B10: 02.03.03.02. | C10: Проведены работы по капитальному ремонту, текущему ремонту, техническому переоснащению и благоустройству территорий в муниципальных музеях Московской области, (ед.) | D10: единица | E10: Отчеты о достижении значений результатов предоставления субсидии (форма установлена соглашением о предоставлении из бюджета городского округа Московской области субсидии на иные цели муниципальному бюджетному или автономному учреждению)
A11: 2.5. | B11: 02.03.03.03. | C11: Приобретено фондовое, реставрационное и экспозиционное оборудование в муниципальных музеях Московской области, (ед.) | D11: единица | E11: Отчеты о достижении значений результатов предоставления субсидии (форма установлена соглашением о предоставлении из бюджета городского округа Московской области субсидии на иные цели муниципальному бюджетному или автономному учреждению)
A12: 2.6. | B12: 02.03.03.04. | C12: Выполнены работы по обеспечению пожарной безопасности муниципальных музеев Московской области, ед. | D12: единица | E12: Отчеты о достижении значений результатов предоставления субсидии (форма установлена соглашением о предоставлении из бюджета городского округа Московской области субсидии на иные цели муниципальному бюджетному или автономному учреждению)
A13: 2.7. | B13: 02.03.03.05. | C13: Проведены работы по текущему ремонту муниципальных музеях Московской области, (ед.) | D13: единица | E13: Отчеты о достижении значений результатов предоставления субсидии (форма установлена соглашением о предоставлении из бюджета городского округа Московской области субсидии на иные цели муниципальному бюджетному или автономному учреждению)
B14: Подпрограмма III «Развитие библиотечного дела»
A15: 3.1. | B15: 03.01.01.01. | C15: Доля достижения показателей муниципального задания, характеризующих объем оказываемых муниципальных услуг (работ) от установленных показателей муниципального задания, характеризующих объем муниципальных услуг (работ), для муниципальных учреждений-библиотеки, процент | D15: процент | E15: D = (〖∑_i^n (V〗_i^факт x 100/ V_i^гз))/n, где D – доля достижения показателя; V_i^факт- фактический объем муниципального задания по i -ой муниципальной услуге (работе); V_i^гз – утвержденный объем муниципального задания по i -ой муниципальной услуге (работе); n – общее количество услуг (работ) установленных муниципальным заданием. Отчеты о выполнении муниципальных заданий
A16: 3.2. | B16: 03.01.01.02. | C16: Поставка литературы различного содержания для комплектования библиотечных фондов, штука | D16: штука | E16: Отчеты о достижении значений результатов предоставления субсидии (форма установлена соглашением о предоставлении субсидии из бюджета городского округа Московской области)
A17: 3.3. | B17: 03.01.01.02. | C17: Муниципальные библиотеки, обеспечившие сохранность книжных фондов | D17: штука | E17: Отчеты о достижении значений результатов предоставления субсидии (форма установлена соглашением о предоставлении субсидии из бюджета городского округа Московской области)
A18: 3.4. | B18: 03.01.01.03. | C18: Муниципальные библиотеки Московской области(юридические лица), обновившие книжный фонд, (ед.) | D18: единица | E18: Отчеты о достижении значений результатов предоставления субсидии (форма установлена соглашением о предоставлении субсидии из бюджета городского округа Московской области)
A19: 3.5. | B19: 03.01.01.04. | C19: Соотношение средней заработной платы работников муниципальных учреждений культуры без учета внешних совместителей и среднемесячной начисленной заработной платы наемных работников в организациях, у индивидуальных предпринимателей и физических лиц (среднемесячному доходу от трудовой деятельности) в Московской области, процент | D19: процент | E19: Отчеты о достижении значений результатов предоставления субсидии (форма установлена соглашением о предоставлении субсидии из бюджета Московской области).
A20: 3.6. | B20: 03.02.02.01. | C20: Осуществлена поставка товаров, работ, услуг в целях модернизации (развития материально-технической базы муниципальных библиотек Московской области, (ед.) | D20: единица | E20: Отчеты о достижении значений результатов предоставления субсидии (форма установлена соглашением о предоставлении субсидии из бюджета Московской области).
A21: 3.7. | B21: 03.02.02.01. | C21: Модернизирована материально-техническая база муниципальных библиотек | D21: единица | E21: Отчеты о достижении значений результатов предоставления субсидии (форма установлена соглашением о предоставлении из бюджета городского округа Московской области субсидии на иные цели муниципальному бюджетному или автономному учреждению)
A22: 3.8. | B22: 03.02.02.02. | C22: Проведены работы по капитальному ремонту, текущему ремонту, техническому переоснащению и благоустройству территорий в муниципальных библиотек Московской области, (ед.) | D22: единица | E22: Отчеты о достижении значений результатов предоставления субсидии (форма установлена соглашением о предоставлении из бюджета городского округа Московской области субсидии на иные цели муниципальному бюджетному или автономному учреждению)
A23: 3.9. | B23: 03.02.02.04. | C23: Проведены работы по текущему ремонту муниципальных библиотеках Московской области, ед. | D23: единица | E23: Отчеты о достижении значений результатов предоставления субсидии (форма установлена соглашением о предоставлении из бюджета городского округа Московской области субсидии на иные цели муниципальному бюджетному или автономному учреждению)
A24: 3.10. | B24: 03. А1.А1.01. | C24: Созданы модельные муниципальные библиотеки | D24: единица | E24: Отчеты о достижении значений результатов предоставления субсидии (форма установлена соглашением о предоставлении субсидии из бюджета городского округа Московской области )
A25: 3.11. | B25: 03.Я5.Я5.01. | C25: Переоснащены муниципальные библиотеки по модельному стандарту, ед. | D25: единица | E25: Отчеты о достижении значений результатов предоставления субсидии (форма установлена соглашением о предоставлении субсидии из бюджета городского округа Московской области)
B26: Подпрограмма IV «Развитие профессионального искусства, гастрольно-концертной и культурно-досуговой деятельности, кинематографии»
A27: 4.1. | B27: 04.01.01.01. | C27: Доля достижения показателей муниципального задания, характеризующих объем оказываемых муниципальных услуг (работ) от установленных показателей муниципального задания, характеризующих объем муниципальных услуг (работ), для муниципальных учреждений - театрально-концертные организации, процент | D27: процент | E27: D = (〖∑_i^n (V〗_i^факт x 100/ V_i^гз))/n, где D – доля достижения показателя; V_i^факт- фактический объем муниципального задания по i-ой муниципальной услуге (работе); V_i^гз – утвержденный объем муниципального задания по i -ой муниципальной услуге (работе); n – общее количество услуг (работ) установленных муниципальным заданием. Отчеты о выполнении муниципальных заданий
A28: 4.2. | B28: 04.01.01.02. | C28: Проведены праздничные и культурно-массовые мероприятия, фестивали, конкурсы, (ед.) | D28: единица | E28: Отчеты о достижении значений результатов предоставления субсидии (форма установлена соглашением о предоставлении из бюджета городского округа Московской области субсидии на иные цели муниципальному бюджетному или автономному учреждению)
A29: 4.3. | B29: 04.01.01.04. | C29: Усовершенствованы профессиональные репертуарные театры, находящиеся в населенных пунктах с численностью населения до 300 тыс. человек, путем создания новых постановок и (или) улучшения материально-технического оснащения, ед. | D29: единица | E29: Отчеты о достижении значений результатов предоставления субсидии (форма установлена соглашением о предоставлении из бюджета городского округа Московской области субсидии на иные цели муниципальному бюджетному или автономному учреждению)
A30: 4.4. | B30: 04.01.01.04. | C30: Созданы новые постановки и (или) улучшено материально-техническое оснащение профессиональных репертуарных театров, находящихся в населенных пунктах с численностью населения до 300 тысяч человек, (ед.) | D30: единица | E30: Отчеты о достижении значений результатов предоставления субсидии (форма установлена соглашением о предоставлении из бюджета городского округа Московской области субсидии на иные цели муниципальному бюджетному или автономному учреждению)
A31: 4.5. | B31: 04.04.04.01. | C31: Доля достижения показателей муниципального задания, характеризующих объем оказываемых муниципальных услуг (работ) от установленных показателей муниципального задания, характеризующих объем муниципальных услуг (работ), для муниципальных культурно-досуговых учреждений, процент | D31: единица | E31: Отчеты о достижении значений результатов предоставления субсидии (форма установлена соглашением о предоставлении из бюджета городского округа Московской области субсидии на иные цели муниципальному бюджетному или автономному учреждению)
A32: 4.6. | B32: 04.04.04.01. | C32: Доля достижения показателей муниципального задания, характеризующих объем оказываемых муниципальных услуг (работ) от установленных показателей муниципального задания, характеризующих объем муниципальных услуг (работ), (%) | D32: единица | E32: Отчеты о достижении значений результатов предоставления субсидии (форма установлена соглашением о предоставлении из бюджета городского округа Московской области субсидии на иные цели муниципальному бюджетному или автономному учреждению)
A33: 4.7. | B33: 04.04.04.02. | C33: Проведены праздничные и культурно-массовыхмероприятия, фестивали, конкурсы, (ед.) | D33: единица | E33: Отчеты о достижении значений результатов предоставления субсидии (форма установлена соглашением о предоставлении субсидии из бюджета городского округа Московской области)
A34: 4.8. | B34: 04.04.04.02. | C34: Реализованы и проведены мероприятия в сфере культуры, ед. | D34: единица | E34: Отчеты о достижении значений результатов предоставления субсидии (форма установлена соглашением о предоставлении субсидии из бюджета городского округа Московской области)
A35: 4.9. | B35: 04.05.05.01. | C35: Проведена модернизация (развитие) материально-технической базы муниципальных театрально-концертных организаций и учреждения культуры, осуществляющих демонстрацию кинофильмов, кинопрокат, развитие киноискусства, ед. | D35: единица | E35: Отчеты о достижении значений результатов предоставления субсидии (форма установлена соглашением о предоставлении из бюджета городского округа Московской области субсидии на иные цели муниципальному бюджетному или автономному учреждению
A36: 4.10. | B36: 04.05.05.02. | C36: Проведена модернизация (развитие) материально-технической базы культурно-досуговых учреждений культуры | D36: единица | E36: Отчеты о достижении значений результатов предоставления субсидии (форма установлена соглашением о предоставлении из бюджета городского округа Московской области субсидии на иные цели муниципальному бюджетному или автономному учреждению)
A37: 4.11. | B37: 04.05.05.03. | C37: Проведен капитальный ремонт, текущий ремонт и благоустройство территорий муниципальных театрально-концертных учреждений культуры, (ед.) | D37: единица | E37: Отчеты о достижении значений результатов предоставления субсидии (форма установлена соглашением о предоставлении из бюджета городского округа Московской области субсидии на иные цели муниципальному бюджетному или автономному учреждению)
A38: 4.12. | B38: 04.05.05.04. | C38: Проведен капитальный ремонт, текущий ремонт и благоустройство территорий муниципальных театрально-концертных организаций и учреждений культуры, осуществляющих демонстрацию кинофильмов, кинопрокат, развитие киноискусства, (ед.) | D38: единица | E38: Отчеты о достижении значений результатов предоставления субсидии (форма установлена соглашением о предоставлении из бюджета городского округа Московской области субсидии на иные цели муниципальному бюджетному или автономному учреждению)
... A48: 4.22. | B48: 04. A2.А2.03. | C48: Оказана государственная поддержка лучшим сельским учреждениям культуры (единица) | D48: единица | E48: Отчеты о достижении значений результатов предоставления субсидии (форма установлена соглашением о предоставлении субсидии из бюджета городского округа Московской области)
B49: Подпрограмма V «Укрепление материально-технической базы муниципальных учреждений культуры»
A50: 5.1. | B50: 05.01.01.01. | C50: Оборудованы в соответствии с требованиями доступности для инвалидов и других маломобильных групп населения объекты организаций культуры (ед.) | D50: единица | E50: Отчеты о достижении значений результатов предоставления субсидии (форма установлена соглашением о предоставлении субсидии из бюджета городского округа Московской области)
A51: 5.2. | B51: 05.02.02.04. | C51: Количество объектов муниципальных культурно-досуговых учреждений в сельской местности, в которых проведен капитальный ремонт, ед. | D51: единица | E51: Отчеты о достижении значений результатов предоставления субсидии (форма установлена соглашением о предоставлении субсидии из бюджета городского округа Московской области)
B52: Подпрограмма VI «Развитие образования в сфере культуры»
A53: 6.1. | B53: 06.01.01.01. | C53: Доля достижения показателей муниципального задания, характеризующих объем оказываемых муниципальных услуг (работ) от установленных показателей муниципального задания, характеризующих объем муниципальных услуг (работ), для муниципальных организаций дополнительного образования сферы культуры, процент | D53: процент | E53: D = (〖∑_i^n (V〗_i^факт x 100/ V_i^гз))/n, где D – доля достижения показателя; V_i^факт- фактический объем муниципального задания по i-ой муниципальной услуге (работе); V_i^гз – утвержденный объем муниципального задания по i -ой муниципальной услуге (работе); n – общее количество услуг (работ) установленных муниципальным заданием. Отчеты о выполнении муниципальных заданий
A54: 6.2. | B54: 06.03.03.01. | C54: Проведена модернизация (развитие) материально-технической базы организаций дополнительного образования сферы культуры, (ед.) | D54: единица | E54: Отчеты о достижении значений результатов предоставления субсидии (форма установлена соглашением о предоставлении субсидии из бюджета городского округа Московской области)
A55: 6.3. | B55: 06.03.03.02. | C55: Проведен капиталный ремонт, текущий ремонт в организациях дополнительного образования сферы культуры, (ед.) | D55: единица | E55: Отчеты о достижении значений результатов предоставления субсидии (форма установлена соглашением о предоставлении из бюджета городского округа Московской области субсидии на иные цели муниципальному бюджетному или автономному учреждению)
A56: 6.4. | B56: 06.03.03.04. | C56: Оснащены образовательные учреждения в сфере культуры (детские школы искусств по видам искусств и училищ) музыкальными инструментами, ед. | D56: единица | E56: Отчет о достижении значений целевых показателей результативности использования субсидии
A57: 6.5. | B57: 06.03.03.10. | C57: Проведен текущий ремонт муниципальных организаций дополнительного образования сферы культуры | D57: единица | E57: Отчет о достижении значений результатов предоставления субсидии (форма установлена соглашением о предоставлении из бюджета городского округа Московской области субсидии на иные цели муниципальному бюджетному или автономному учреждению)
A58: 6.6. | B58: 06.05.05.02. | C58: Доля преподавателей в области музыкального искусства организаций дополнительного образования сферы культуры, которым произведены выплаты в общей численности указанной категории преподавателей в области музыкального искусства организаций дополнительного образования сферы культуры, которым предусмотрены выплаты | D58: процент | E58: Отчеты о достижении значений результатов предоставления субсидии (форма установлена соглашением о предоставлении субсидии из бюджета Московской области).
A59: 6.7. | B59: 06.05.05.03. | C59: Соотношение средней заработной платы педагогических работников организаций дополнительного образования сферы культуры без учета внешних совместителей и среднемесячной начисленной заработной платы учителей в Московской области, которым предусмотрены выплаты | D59: процент | E59: Отчеты о достижении значений результатов предоставления субсидии (форма установлена соглашением о предоставлении субсидии из бюджета Московской области).
A60: 6.8. | B60: 06.05.05.04. | C60: Количество детей отдельных категорий граждан, реализовавших право бесплатного посещения занятий по дополнительным образовательным программам, реализуемым на платной основе в муниципальных организациях дополнительного образования сферы культуры в Московской области, чел. | D60: человек | E60: Отчеты о достижении значений результатов предоставления субсидии (форма установлена соглашением о предоставлении субсидии из бюджета Московской области).
A61: 6.9. | B61: 06.Я5.Я5.01. | C61: Оснащены образовательные учреждения в сфере культуры (детские школы искусств по видам искусств и училищ) музыкальными инструментами, оборудованием и учебными материалами | E61: Отчет о достижении значений целевых показателей результативности использования субсидии

Sheet паспорт пп2
A3: Паспорт Подпрограммы II. «Развитие музейного дела»
A5: Муниципальный заказчик подпрограммы | C5: Комитет по культуре и туризму Администрации городского округа Щёлково
A6: Источники финансирования подпрограммы,в том числе по годам: | B6: Главный распорядитель бюджетных средств: Комитет по культуре и туризму Администрации городского округа Щёлково | C6: Источник финансирования | D6: Расходы (тыс. рублей)
D7: Всего | E7: 2023 | F7: 2024 | G7: 2025 | H7: 2026 | I7: 2027 | J7: 2028
C8: Средства бюджета городского округа Щёлково | D8: =SUM(E8:J8) -> 386815.76 | E8: =пп2!F55 -> 49199.1 | F8: =пп2!G55 -> 60619.88 | G8: =пп2!H55 -> 67336.51 | H8: =пп2!I55 -> 76668.63 | I8: =пп2!N55 -> 71823.01 | J8: =пп2!O55 -> 61168.63
C9: Средства бюджета Московской области | D9: =SUM(E9:J9) -> 9076.8 | E9: =пп2!F56 -> 2504.69 | F9: =пп2!G56 -> 3198.09 | G9: =пп2!H56 -> 3374.02 | H9: =пп2!I56 -> 0 | I9: =пп2!N56 -> 0 | J9: =пп2!O56 -> 0
C10: Внебюджетные источники | D10: =SUM(E10:J10) -> 11846.58 | E10: =пп2!F57 -> 1832.6 | F10: =пп2!G57 -> 1573.49 | G10: =пп2!H57 -> 2440.49 | H10: =пп2!I57 -> 2000 | I10: =пп2!N57 -> 2000 | J10: =пп2!O57 -> 2000
C11: Всего, в том числе: | D11: =SUM(E11:J11) -> 407739.14 | E11: =E8+E10+E9 -> 53536.39 | F11: =F8+F10+F9 -> 65391.46 | G11: =G8+G10+G9 -> 73151.02 | H11: =H8+H10+H9 -> 78668.63 | I11: =I8+I10+I9 -> 73823.01 | J11: =J8+J10+J9 -> 63168.63

Sheet пп2
A1: Перечень мероприятий подпрограмма II «Развитие музейного дела»
A4: № п/п | B4: Мероприятие подпрограммы | C4: Сроки исполнения, годы | D4: Источник финансирования | E4: Всего (тыс.руб.) | F4: Объем финансирования по годам (тыс.руб.) | P4: Ответственный за выполнение мероприятия
F6: 2023 год | G6: 2024 год | H6: 2025 год | I6: 2026 год | N6: 2027 год | O6: 2028 год
A7: 1 | B7: Основное мероприятие 01. Обеспечение выполнения функций муниципальных музеев | C7: 2023-2028 | D7: Итого | E7: =F7+G7+H7+I7+N7+O7 -> 368460.09 | F7: =F8+F10+F9 -> 52586.39 | G7: =G8+G10+G9 -> 59087.15 | H7: =H8+H10+H9 -> 65280.66 | I7: =I8+I10+I9 -> 64168.63 | N7: =N8+N10+N9 -> 64168.63 | O7: =O8+O10+O9 -> 63168.63
D8: Средства бюджетов городского округа Щёлково | E8: =F8+G8+H8+I8+N8+O8 -> 347536.71 | F8: =F12 -> 48249.1 | G8: =G12 -> 54315.57 | H8: =H12 -> 59466.15 | I8: =I12 -> 62168.63 | N8: =N12 -> 62168.63 | O8: =O12 -> 61168.63
D9: Средства бюджета Московской области | E9: =F9+G9+H9+I9+N9+O9 -> 9076.8 | F9: =F18 -> 2504.69 | G9: =G18 -> 3198.09 | H9: =H18 -> 3374.02 | I9: =I18 -> 0 | N9: =N18 -> 0 | O9: =O18 -> 0
D10: Внебюджетные средства | E10: =F10+G10+H10+I10+N10+O10 -> 11846.58 | F10: =F13 -> 1832.6 | G10: =G13 -> 1573.49 | H10: =H13 -> 2440.49 | I10: =I13 -> 2000 | N10: =N13 -> 2000 | O10: =O13 -> 2000
A11: 1.1. | B11: Мероприятие 01.01 Расходы на обеспечение деятельности (оказание услуг) муниципальных учреждений – музеи, галереи | C11: 2023-2028 | D11: Итого | E11: =F11+G11+H11+I11+N11+O11 -> 359383.29 | F11: 50081.7 | G11: =G12+G13 -> 55889.06 | H11: =H12+H13 -> 61906.64 | I11: =I12+I13 -> 64168.63 | N11: =N12+N13 -> 64168.63 | O11: =O12+O13 -> 63168.63 | P11: МБУК ГОЩ «ЩИХМ»
D12: Средства бюджета городского округа Щёлково | E12: =F12+G12+H12+I12+N12+O12 -> 347536.71 | F12: 48249.1 | G12: 54315.57 | H12: 59466.15 | I12: 62168.63 | N12: 62168.63 | O12: 61168.63
D13: Внебюджетные средства | E13: =F13+G13+H13+I13+N13+O13 -> 11846.58 | F13: 1832.6 | G13: 1573.49 | H13: 2440.49 | I13: 2000 | N13: 2000 | O13: 2000
B14: Доля достижения показателей муниципального задания, характеризующих объем оказываемых муниципальных услуг (работ) от установленных показателей муниципального задания, характеризующих объем муниципальных услуг (работ) для муниципальных учреждений - музеи, галереи, процент | C14: х | D14: х | E14: Всего | F14: 2023 год | G14: 2024 год | H14: 2025 год | I14: Итого 2026 год | J14: В том числе по кварталам: | N14: 2027 год | O14: 2028 год
J15: I | K15: II | L15: III | M15: IV
E16: 100 | F16: 100 | G16: 100 | H16: 100 | I16: 100 | J16: 25 | K16: 50 | L16: 75 | M16: 100 | N16: 100 | O16: 100
A17: 1.2. | B17: Мероприя 01.04. Сохранение достигнутого уровня заработной платы работников муниципальных учреждений культуры | C17: 2023-2028 | D17: Итого | E17: =F17+G17+H17+I17+N17+O17 -> 9076.8 | F17: =F18 -> 2504.69 | G17: =G18 -> 3198.09 | H17: =H18 -> 3374.02 | I17: =I18 -> 0 | N17: =N18 -> 0 | O17: =O18 -> 0 | P17: Комитет по культуре и туризму Администрации городского округа Щёлково
D18: Средства бюджета Московской области | E18: =F18+G18+H18+I18+N18+O18 -> 9076.8 | F18: 2504.69 | G18: 3198.09 | H18: 3374.02 | I18: 0 | N18: 0 | O18: 0
B19: Соотношение средней заработной платы работников муниципальных учреждений культуры без учета внешних совместителей и среднемесячной начисленной заработной платы наемных работников в организациях, у индивидуальных предпринимателей и физических лиц (среднемесячному доходу от трудовой деятельности) в Московской области, процент | C19: х | D19: х | E19: Всего | F19: 2023 год | G19: 2024 год | H19: 2025 год | I19: Итого 2026 год | J19: В том числе по кварталам: | N19: 2027 год | O19: 2028 год
J20: I | K20: II | L20: III | M20: IV
E21: 116.38 | F21: 98.67 | G21: 116.38 | H21: 100.02 | I21: - | J21: - | K21: - | L21: - | M21: - | N21: - | O21: -
A22: 2. | B22: Основное мероприятие 03. Модернизация (развитие) материально-технической базы, проведение текущего ремонта, муниципальных музеев Московской области | C22: 2023-2028 | D22: Итого | E22: =F22+G22+H22+I22+N22+O22 -> 39279.05 | F22: =F23+F24 -> 950 | G22: =G23+G24 -> 6304.31 | H22: =H23+H24 -> 7870.36 | I22: =I23+I24 -> 14500 | N22: =N23+N24 -> 9654.38 | O22: =O23+O24 -> 0
D23: Средства бюджета городского округа Щёлково | E23: =F23+G23+H23+I23+N23+O23 -> 39279.05 | F23: =F38+F26+F32 -> 950 | G23: =G26+G32+G38 -> 6304.31 | H23: =H26+H32+H38++H44+H49 -> 7870.36 | I23: =I26+I32+I38+I49 -> 14500 | N23: =N26+N32+N38+N49 -> 9654.38 | O23: =O26+O32+O38+O49 -> 0
D24: Внебюджетные средства | E24: =F24+G24+H24+I24+N24+O24 -> 0 | F24: =F39 -> 0 | G24: =G39 -> 0 | H24: =H39 -> 0 | I24: =I39 -> 0 | N24: =N39 -> 0 | O24: =O39 -> 0
A25: 2.1. | B25: Мероприятие 03.01 Модернизация (развитие) материально-технической базы муниципальных музеев | C25: 2023-2028 | D25: Итого | E25: =F25+G25+H25+I25+N25+O25 -> 3986.92 | F25: 0 | G25: =G26+G27 -> 3722.1 | H25: =H26+H27 -> 264.82 | I25: =I26+I27 -> 0 | N25: =N26+N27 -> 0 | O25: =O26+O27 -> 0 | P25: МБУК ГОЩ «ЩИХМ»
D26: Средства бюджета городского округа Щёлково | E26: =F26+G26+H26+I26+N26+O26 -> 3986.92 | F26: 0 | G26: 3722.1 | H26: 264.82 | I26: 0 | N26: 0 | O26: 0
D27: Внебюджетные средства | E27: =F27+G27+H27+I27+N27+O27 -> 0 | F27: 0 | G27: 0 | H27: 0 | I27: 0 | N27: 0 | O27: 0
B28: Осуществлена поставка товаров, работ, услуг в целях модернизации (развития) материально-технической базы муниципальных музеев, (ед.) | C28: х | D28: х | E28: Всего | F28: 2023 год | G28: 2024 год | H28: 2025 год | I28: Итого 2026 год | J28: В том числе по кварталам: | N28: 2027 год | O28: 2028 год
J29: I | K29: II | L29: III | M29: IV
E30: =3408+H30 -> 3412 | F30: 0 | G30: 3408 | H30: 4 | I30: - | J30: - | K30: - | L30: - | M30: - | N30: - | O30: -
A31: 2.2. | B31: Мероприятие 03.02 Проведение капитального ремонта, текущего ремонта и благоустройство территорий муниципальных музеев | C31: 2023-2024 | D31: Итого | E31: =F31+G31+H31+I31+N31+O31 -> 3160.21 | F31: 750 | G31: =G32+G33 -> 2410.21 | H31: =H32+H33 -> 0 | I31: =I32+I33 -> 0 | N31: =N32+N33 -> 0 | O31: =O32+O33 -> 0 | P31: МБУК ГОЩ «ЩИХМ»
D32: Средства бюджета городского округа Щёлково | E32: =F32+G32+H32+I32+N32+O32 -> 3160.21 | F32: 750 | G32: 2410.21 | H32: 0 | I32: 0 | N32: 0 | O32: 0
D33: Внебюджетные средства | E33: =F33+G33+H33+I33+N33+O33 -> 0 | F33: 0 | G33: 0 | H33: 0 | I33: 0 | N33: 0 | O33: 0
B34: Проведены работы по капитальному ремонту, текущему ремонту, техническому переоснащению и благоустройству территорий в муниципальных музеях Московской области, (ед.) | C34: х | D34: х | E34: Всего | F34: 2023 год | G34: 2024 год | H34: 2025 год | I34: Итого 2026 год | J34: В том числе по кварталам: | N34: 2027 год | O34: 2028 год
J35: I | K35: II | L35: III | M35: IV
E36: 7 | F36: 1 | G36: 6 | H36: - | I36: - | J36: - | K36: - | L36: - | M36: - | N36: - | O36: -
A37: 2.3. | B37: Мероприятие 03.03 Приобретение фондового, реставрационного и экспозиционного оборудования | C37: 2023-2028 | D37: Итого | E37: =F37+G37+H37+I37+N37+O37 -> 372 | F37: 200 | G37: =G38+G39 -> 172 | H37: =H38+H39 -> 0 | I37: =I38+I39 -> 0 | N37: =N38+N39 -> 0 | O37: =O38+O39 -> 0 | P37: МБУК ГОЩ «ЩИХМ»
D38: Средства бюджета городского округа Щёлково | E38: =F38+G38+H38+I38+N38+O38 -> 372 | F38: 200 | G38: 172 | H38: 0 | I38: 0 | N38: 0 | O38: 0
D39: Внебюджетные средства | E39: =F39+G39+H39+I39+N39+O39 -> 0 | F39: 0 | G39: 0 | H39: 0 | I39: 0 | N39: 0 | O39: 0
B40: Приобретено фондовое, реставрационное и экспозиционное оборудование в муниципальных музеях Московской области, (ед.) | C40: х | D40: х | E40: Всего | F40: 2023 год | G40: 2024 год | H40: 2025 год | I40: Итого 2026 год | J40: В том числе по кварталам: | N40: 2027 год | O40: 2028 год
J41: I | K41: II | L41: III | M41: IV
E42: =G42+F42 -> 15 | F42: 4 | G42: 11 | H42: - | I42: - | J42: - | K42: - | L42: - | M42: - | N42: - | O42: -
A43: 2.4. | B43: Мероприятие 03.04 Выполнение работ по обеспечению пожарной безопасности в муниципальных музеях | C43: 2023-2028 | D43: Итого | E43: =F43+G43+H43+I43+N43+O43 -> 1002.6 | F43: =F44 -> 0 | G43: =G44 -> 0 | H43: =H44 -> 1002.6 | I43: =I44 -> 0 | N43: =N44 -> 0 | O43: 0 | P43: МБУК ГОЩ «ЩИХМ»
D44: Средства бюджета городского округа Щёлково | E44: =F44+G44+H44+I44+N44+O44 -> 1002.6 | F44: 0 | G44: 0 | H44: 1002.6 | I44: 0 | N44: 0 | O44: 0
B45: Выполнены работы по обеспечению пожарной безопасности муниципальных музеев Московской области, ед. | C45: х | D45: х | E45: Всего | F45: 2023 год | G45: 2024 год | H45: 2025 год | I45: Итого 2026 год | J45: В том числе по кварталам: | N45: 2027 год | O45: 2028 год
J46: I | K46: II | L46: III | M46: IV
E47: 1 | F47: 0 | G47: 0 | H47: 1 | I47: 0 | J47: 0 | K47: 0 | L47: 0 | M47: 0 | N47: 0 | O47: 0
A48: 2.5. | B48: Мероприятие 03.05 Проведение текущего ремонта муниципальных музеев | C48: 2023-2028 | D48: Итого | E48: =F48+G48+H48+I48+N48+O48 -> 30757.32 | F48: =F49+F50 -> 0 | G48: =G49+G50 -> 0 | H48: =H49+H50 -> 6602.94 | I48: =I49+I50 -> 14500 | N48: =N49+N50 -> 9654.38 | O48: =O49+O50 -> 0 | P48: МБУК ГОЩ «ЩИХМ»
D49: Средства бюджета городского округа Щёлково | E49: =F49+G49+H49+I49+N49+O49 -> 30757.32 | F49: 0 | G49: 0 | H49: 6602.94 | I49: 14500 | N49: 9654.38 | O49: 0
D50: Внебюджетные средства | E50: =F50+G50+H50+I50+N50+O50 -> 0 | F50: 0 | G50: 0 | H50: 0 | I50: 0 | N50: 0 | O50: 0
B51: Проведены работы по текущему ремонту муниципальных музеях Московской области, (ед.) | C51: х | D51: х | E51: Всего | F51: 2023 год | G51: 2024 год | H51: 2025 год | I51: Итого 2026 год | J51: В том числе по кварталам: | N51: 2027 год | O51: 2028 год
J52: I | K52: II | L52: III | M52: IV
E53: =F53+G53+H53+I53+N53 -> 4 | F53: 0 | G53: 0 | H53: 1 | I53: 2 | J53: 0 | K53: 0 | L53: 2 | M53: 2 | N53: 1 | O53: 0
B54: Итого по подпрограмме | C54: 2023-2028 | D54: Итого | E54: =F54+G54+H54+I54+N54+O54 -> 407739.14 | F54: =F55+F57+F56 -> 53536.39 | G54: =G55+G57+G56 -> 65391.46 | H54: =H55+H57+H56 -> 73151.02 | I54: =I55+I57+I56 -> 78668.63 | N54: =N55+N57+N56 -> 73823.01 | O54: =O55+O57+O56 -> 63168.63
D55: Средства бюджета городского округа Щёлково | E55: =F55+G55+H55+I55+N55+O55 -> 386815.76 | F55: =F8+F23 -> 49199.1 | G55: =G8+G23 -> 60619.88 | H55: =H8+H23 -> 67336.51 | I55: =I8+I23 -> 76668.63 | N55: =N8+N23 -> 71823.01 | O55: =O8+O23 -> 61168.63
D56: Средства бюджета Московской области | E56: =F56+G56+H56+I56+N56+O56 -> 9076.8 | F56: =F9 -> 2504.69 | G56: =G9 -> 3198.09 | H56: =H9 -> 3374.02 | I56: =I9 -> 0 | N56: =N9 -> 0 | O56: =O9 -> 0
D57: Внебюджетные средства | E57: =F57+G57+H57+I57+N57+O57 -> 11846.58 | F57: =F10+F24 -> 1832.6 | G57: =G10+G24 -> 1573.49 | H57: =H10+H24 -> 2440.49 | I57: =I10+I24 -> 2000 | N57: =N10+N24 -> 2000 | O57: =O10+O24 -> 2000

Sheet паспорт пп 3
A3: Паспорт подпрограммы III «Развитие библиотечного дела»
A5: Муниципальный заказчик подпрограммы | C5: Комитет по культуре и туризму Администрации городского округа Щёлково
A6: Источники финансирования подпрограммы,в том числе по годам: | B6: Главный распорядитель бюджетных средств: Комитет по культуре и туризму Администрации городского округа Щёлково | C6: Источник финансирования | D6: Расходы (тыс. рублей)
D7: Всего | E7: 2023 | F7: 2024 | G7: 2025 | H7: 2026 | I7: 2027 | J7: 2028
C8: Средства бюджета городского округа Щёлково | D8: =SUM(E8:J8) -> 777738.85 | E8: =пп3!F84 -> 95939.73 | F8: =пп3!G84 -> 124754.35 | G8: =пп3!H84 -> 129776.72 | H8: =пп3!I84 -> 143998.73 | I8: =пп3!N84 -> 146005.63 | J8: =пп3!O84 -> 137263.69
C9: Средства бюджета Московской области | D9: =SUM(E9:J9) -> 24766.58 | E9: =пп3!F85 -> 6188.4 | F9: =пп3!G85 -> 6797.1 | G9: =пп3!H85 -> 10265.12 | H9: =пп3!I85 -> 470.28 | I9: =пп3!N85 -> 500.31 | J9: =пп3!O85 -> 545.37
C10: Средства Федерального бюджета | D10: =SUM(E10:J10) -> 19039.45 | E10: =пп3!F86 -> 5440.51 | F10: =пп3!G86 -> 500.54 | G10: =пп3!H86 -> 11605 | H10: =пп3!I86 -> 509.47 | I10: =пп3!N86 -> 500.31 | J10: =пп3!O86 -> 483.62
C11: Внебюджетные источники | D11: =SUM(E11:J11) -> 4468.26 | E11: =пп3!F87 -> 631.29 | F11: =пп3!G87 -> 796.41 | G11: =пп3!H87 -> 940.56 | H11: =пп3!I87 -> 700 | I11: =пп3!N87 -> 700 | J11: =пп3!O87 -> 700
C12: Всего, в том числе: | D12: =SUM(E12:J12) -> 826013.14 | E12: =E8+E11+E9+E10 -> 108199.93 | F12: =F8+F11+F9+F10 -> 132848.4 | G12: =G8+G11+G9+G10 -> 152587.4 | H12: =H8+H11+H9+H10 -> 145678.48 | I12: =I8+I11+I9+I10 -> 147706.25 | J12: =J8+J11+J9+J10 -> 138992.68

Sheet пп3
A1: Перечень мероприятий подпрограммы III «Развитие библиотечного дела»
A4: № п/п | B4: Мероприятие подпрограммы | C4: Сроки исполнения, годы | D4: Источник финансирования | E4: Всего (тыс.руб.) | F4: Объем финансирования по годам (тыс.руб.) | P4: Ответственный за выполнение мероприятия
F6: 2023 год | G6: 2024 год | H6: 2025 год | I6: 2026 год | N6: 2027 год | O6: 2028 год
A7: 1 | B7: Основное мероприятие 01. Организация библиотечного обслуживания населения муниципальными библиотеками Московской области | C7: 2023-2028 | D7: Итого | E7: =F7+G7+H7+I7+N7+O7 -> 792034.64 | F7: =F10+F9+F8+F11 -> 103199.93 | G7: =G10+G9+G8+G11 -> 127368.79 | H7: =H10+H9+H8+H11 -> 134989.07 | I7: =I10+I9+I8+I11 -> 143728.48 | N7: =N10+N9+N8+N11 -> 143755.69 | O7: =O10+O9+O8+O11 -> 138992.68
D8: Средства бюджета городского округа Щёлково | E8: =F8+G8+H8+I8+N8+O8 -> 763760.35 | F8: =F13+F19+F28 -> 95939.73 | G8: =G13+G19+G28 -> 119274.74 | H8: =H13+H19+H28 -> 127178.39 | I8: =I13+I19+I28 -> 142048.73 | N8: =N13+N19+N28 -> 142055.07 | O8: =O13+O19+O28 -> 137263.69
D9: Средства Федерального бюджета | E9: =F9+G9+H9+I9+N9+O9 -> 2939.45 | F9: =F29 -> 440.51 | G9: =G29 -> 500.54 | H9: =H29 -> 505 | I9: =I29 -> 509.47 | N9: =N29 -> 500.31 | O9: =O29 -> 483.62
D10: Средства бюджета Московской области | E10: =F10+G10+H10+I10+N10+O10 -> 20866.58 | F10: =F30+F35 -> 6188.4 | G10: =G30+G35 -> 6797.1 | H10: =H30+H35 -> 6365.12 | I10: =I30+I35 -> 470.28 | N10: =N30+N35 -> 500.31 | O10: =O30+O35 -> 545.37
D11: Внебюджетные средства | E11: =F11+G11+H11+I11+N11+O11 -> 4468.26 | F11: =F14 -> 631.29 | G11: =G14 -> 796.41 | H11: =H14 -> 940.56 | I11: =I14 -> 700 | N11: =N14 -> 700 | O11: =O14 -> 700
A12: 1.1. | B12: Мероприятие 01.01 Расходы на обеспечение деятельности (оказание услуг) муниципальных учреждений – библиотеки | C12: 2023-2028 | D12: Итого | E12: =F12+G12+H12+I12+N12+O12 -> 750934.79 | F12: =F13+F14 -> 94893.99 | G12: =G13+G14 -> 116779.53 | H12: =H13+H14 -> 124307.97 | I12: =I13+I14 -> 138651.1 | N12: =N13+N14 -> 138651.1 | O12: =O13+O14 -> 137651.1 | P12: МБУК ГОЩ «ЩЦБ»
D13: Средства бюджета городского округа Щёлково | E13: =F13+G13+H13+I13+N13+O13 -> 746466.53 | F13: 94262.7 | G13: 115983.12 | H13: 123367.41 | I13: 137951.1 | N13: 137951.1 | O13: 136951.1
D14: Внебюджетные средства | E14: =F14+G14+H14+I14+N14+O14 -> 4468.26 | F14: 631.29 | G14: 796.41 | H14: 940.56 | I14: 700 | N14: 700 | O14: 700
B15: Доля достижения показателей муниципального задания, характеризующих объем оказываемых муниципальных услуг (работ) от установленных показателей муниципального задания, характеризующих объем муниципальных услуг (работ), для муниципальных учреждений-библиотеки, процент | C15: х | D15: х | E15: Всего | F15: 2023 год | G15: 2024 год | H15: 2025 год | I15: Итого 2026 год | J15: В том числе по кварталам: | N15: 2027 год | O15: 2028 год
J16: I | K16: II | L16: III | M16: IV
E17: 100 | F17: 100 | G17: 100 | H17: 100 | I17: 100 | J17: 25 | K17: 50 | L17: 75 | M17: 100 | N17: 100 | O17: 100
A18: 1.2. | B18: Мероприятие 01.02 Комплектование и обеспечение сохранности библиотечных фондов библиотек муниципального образования | C18: 2023-2028 | D18: Итого | E18: =F18+G18+H18+I18+N18+O18 -> 15400 | F18: =F19+F20 -> 1300 | G18: =G19+G20 -> 3000 | H18: =H19+H20 -> 3500 | I18: =I19+I20 -> 3800 | N18: =N19+N20 -> 3800 | O18: =O19+O20 -> 0 | P18: МБУК ГОЩ «ЩЦБ»
D19: Средства бюджета городского округа Щёлково | E19: =F19+G19+H19+I19+N19+O19 -> 15400 | F19: 1300 | G19: 3000 | H19: 3500 | I19: 3800 | N19: 3800 | O19: 0
D20: Внебюджетные средства | E20: =F20+G20+H20+I20+N20+O20 -> 0 | F20: 0 | G20: 0 | H20: 0 | I20: 0 | N20: 0 | O20: 0
B21: Поставка литературы различного содержания для комплектования библиотечных фондов, штука | C21: х | D21: х | E21: Всего | F21: 2023 год | G21: 2024 год | H21: 2025 год | I21: Итого 2026 год | J21: В том числе по кварталам: | N21: 2027 год | O21: 2028 год
J22: I | K22: II | L22: III | M22: IV
E23: =F23+G23+H23 -> 10536 | F23: 1900 | G23: 4370 | H23: 4266 | I23: - | J23: - | K23: - | L23: - | M23: - | N23: - | O23: -
B24: Муниципальные библиотеки, обеспечивающие сохранность книжных фондов, ед. | C24: х | D24: х | E24: Всего | F24: 2023 год | G24: 2024 год | H24: 2025 год | I24: Итого 2026 год | J24: В том числе по кварталам: | N24: 2027 год | O24: 2028 год
J25: I | K25: II | L25: III | M25: IV
E26: =I26+N26+O26 -> 2 | F26: - | G26: - | H26: - | I26: 1 | J26: 0 | K26: 0 | L26: 1 | M26: 1 | N26: 1 | O26: 0
A27: 1.3. | B27: Мероприятие 01.03. Государственная поддержка отрасли культуры (модернизация библиотек в части комплектования книжных фондов муниципальных общедоступных библиотек) | C27: 2023-2028 | D27: Итого | E27: =F27+G27+H27+I27+N27+O27 -> 7501.8 | F27: =F30+F29+F28 -> 1163.64 | G27: =G30+G29+G28 -> 1185.44 | H27: =H30+H29+H28 -> 1229.17 | I27: =I30+I29+I28 -> 1277.38 | N27: =N30+N29+N28 -> 1304.59 | O27: =O30+O29+O28 -> 1341.58 | P27: МБУК ГОЩ «ЩЦБ»
D28: Средства бюджета городского округа Щёлково | E28: =F28+G28+H28+I28+N28+O28 -> 1893.82 | F28: 377.03 | G28: 291.62 | H28: 310.98 | I28: 297.63 | N28: 303.97 | O28: 312.59
D29: Средства Федерального бюджета | E29: =F29+G29+H29+I29+N29+O29 -> 2939.45 | F29: 440.51 | G29: 500.54 | H29: 505 | I29: 509.47 | N29: 500.31 | O29: 483.62
D30: Средства бюджета Московской области | E30: =F30+G30+H30+I30+N30+O30 -> 2668.53 | F30: 346.1 | G30: 393.28 | H30: 413.19 | I30: 470.28 | N30: 500.31 | O30: 545.37
B31: Муниципальные библиотеки Московской области (юридические лица), обновившие книжный фонд, (ед.) | C31: х | D31: х | E31: Всего | F31: 2023 год | G31: 2024 год | H31: 2025 год | I31: Итого 2026 год | J31: В том числе по кварталам: | N31: 2027 год | O31: 2028 год
J32: I | K32: II | L32: III | M32: IV
E33: =F33+G33+H33+I33+N33+O33 -> 6 | F33: 1 | G33: 1 | H33: 1 | I33: 1 | J33: 0 | K33: 0 | L33: 1 | M33: 1 | N33: 1 | O33: 1
A34: 1.4. | B34: Мероприя 01.04. Сохранение достигнутого уровня заработной платы работников муниципальных учреждений культуры | C34: 2023-2028 | D34: Итого | E34: =F34+G34+H34+I34+N34+O34 -> 18198.05 | F34: =F35 -> 5842.3 | G34: =G35 -> 6403.82 | H34: =H35 -> 5951.93 | I34: =I35 -> 0 | N34: =N35 -> 0 | O34: =O35 -> 0 | P34: Комитет по культуре и туризму Администрации городского округа Щёлково
D35: Средства бюджета Московской области | E35: =F35+G35+H35+I35+N35+O35 -> 18198.05 | F35: 5842.3 | G35: 6403.82 | H35: 5951.93 | I35: 0 | N35: 0 | O35: 0
B36: Соотношение средней заработной платы работников муниципальных учреждений культуры без учета внешних совместителей и среднемесячной начисленной заработной платы наемных работников в организациях, у индивидуальных предпринимателей и физических лиц (среднемесячному доходу от трудовой деятельности) в Московской области, процент | C36: х | D36: х | E36: Всего | F36: 2023 год | G36: 2024 год | H36: 2025 год | I36: Итого 2026 год | J36: В том числе по кварталам: | N36: 2027 год | O36: 2028 год
J37: I | K37: II | L37: III | M37: IV
E38: 116.38 | F38: 98.67 | G38: 116.38 | H38: 100.02 | I38: - | J38: - | K38: - | L38: - | M38: - | N38: - | O38: -
A39: 2. | B39: Основное мероприятие 02. Модернизация (развитие) материально-технической базы, проведение текущего ремонта муниципальных библиотек Московской области | C39: 2023-2028 | D39: Итого | E39: =F39+G39+H39+I39+N39+O39 -> 13978.5 | F39: =F40+F41 -> 0 | G39: =G40+G41 -> 5479.61 | H39: =H40+H41 -> 2598.33 | I39: =I40+I41 -> 1950 | N39: =N40+N41 -> 3950.56 | O39: =O40+O41 -> 0 | P39: МБУК ГОЩ «ЩЦБ»
D40: Средства бюджета городского округа Щёлково | E40: =F40+G40+H40+I40+N40+O40 -> 13978.5 | F40: =F43+F52 -> 0 | G40: =G43+G52 -> 5479.61 | H40: =H43+H52+H58 -> 2598.33 | I40: =I43+I52+I58 -> 1950 | N40: =N43+N52+N58 -> 3950.56 | O40: =O43+O52+O58 -> 0
D41: Внебюджетные средства | E41: =F41+G41+H41+I41+N41+O41 -> 0 | F41: =F44+F53 -> 0 | G41: =G44+G53 -> 0 | H41: =H44+H53+H59 -> 0 | I41: =I44 -> 0 | N41: =N44 -> 0 | O41: =O44 -> 0
A42: 2.1. | B42: Мероприятие 02.01 Модернизация (развитие) материально-технической базы муниципальных библиотек | C42: 2023-2028 | D42: Итого | E42: =F42+G42+H42+I42+N42+O42 -> 8964.2 | F42: 0 | G42: =G43 -> 1710.19 | H42: =H43 -> 1353.45 | I42: =I43 -> 1950 | N42: =N43 -> 3950.56 | O42: =O43 -> 0 | P42: МБУК ГОЩ «ЩЦБ»
D43: Средства бюджета городского округа Щёлково | E43: =F43+G43+H43+I43+N43+O43 -> 8964.2 | F43: 0 | G43: 1710.19 | H43: 1353.45 | I43: 1950 | N43: 3950.56 | O43: 0
D44: Внебюджетные средства | E44: =F44+G44+H44+I44+N44+O44 -> 0 | F44: 0 | G44: 0 | H44: 0 | I44: 0 | N44: 0 | O44: 0
B45: Осуществлена поставка товаров, работ, услуг в целях модернизации (развития материально-технической базы муниципальных библиотек Московской области, (ед.) | C45: х | D45: х | E45: Всего | F45: 2023 год | G45: 2024 год | H45: 2025 год | I45: Итого 2026 год | J45: В том числе по кварталам: | N45: 2027 год | O45: 2028 год
J46: I | K46: II | L46: III | M46: IV
E47: =F47+G47+H47 -> 116 | F47: 0 | G47: 114 | H47: 2 | I47: - | J47: - | K47: - | L47: - | M47: - | N47: - | O47: -
B48: Модернизирована материально-техническая база муниципальных библиотек, ед. | C48: х | D48: х | E48: Всего | F48: 2023 год | G48: 2024 год | H48: 2025 год | I48: Итого 2026 год | J48: В том числе по кварталам: | N48: 2027 год | O48: 2028 год
J49: I | K49: II | L49: III | M49: IV
E50: =I50+N50+O50 -> 3 | F50: - | G50: - | H50: - | I50: 2 | J50: 0 | K50: 0 | L50: 2 | M50: 2 | N50: 1 | O50: 0
A51: 2.2. | B51: Мероприятие 02.02 Проведение капитального ремонта, текущего ремонта и благоустройство территорий муниципальных библиотек | C51: 2023-2024 | D51: Итого | E51: =F51+G51+H51+I51+N51+O51 -> 3769.42 | F51: =F52+F53 -> 0 | G51: =G52+G53 -> 3769.42 | H51: =H52+H53 -> 0 | I51: =I52+I53 -> 0 | N51: =N52+N53 -> 0 | O51: =O52+O53 -> 0 | P51: МБУК ГОЩ «ЩЦБ»
D52: Средства бюджета городского округа Щёлково | E52: =F52+G52+H52+I52+N52+O52 -> 3769.42 | F52: 0 | G52: 3769.42 | H52: 0 | I52: 0 | N52: 0 | O52: 0
D53: Внебюджетные средства | E53: =F53+G53+H53+I53+N53+O53 -> 0 | F53: 0 | G53: 0 | H53: 0 | I53: 0 | N53: 0 | O53: 0
B54: Проведены работы по капитальному ремонту, текущему ремонту, техническому переоснащению и благоустройству территорий в муниципальных библиотек Московской области, (ед.) | C54: х | D54: х | E54: Всего | F54: 2023 год | G54: 2024 год | H54: 2025 год | I54: Итого 2026 год | J54: В том числе по кварталам: | N54: 2027 год | O54: 2028 год
J55: I | K55: II | L55: III | M55: IV
E56: 3 | F56: 1 | G56: 2 | H56: - | I56: - | J56: - | K56: - | L56: - | M56: - | N56: - | O56: -
A57: 2.3. | B57: Мероприятие 02.04 Проведение текущего ремонта муниципальных библиотек | C57: 2023-2028 | D57: Итого | E57: =F57+G57+H57+I57+N57+O57 -> 1244.88 | F57: =F58+F59 -> 0 | G57: =G58+G59 -> 0 | H57: =H58+H59 -> 1244.88 | I57: =I58+I59 -> 0 | N57: =N58+N59 -> 0 | O57: =O58+O59 -> 0 | P57: МБУК ГОЩ «ЩЦБ»
D58: Средства бюджета городского округа Щёлково | E58: =F58+G58+H58+I58+N58+O58 -> 1244.88 | F58: 0 | G58: 0 | H58: 1244.88 | I58: 0 | N58: 0 | O58: 0
D59: Внебюджетные средства | E59: =F59+G59+H59+I59+N59+O59 -> 0 | F59: 0 | G59: 0 | H59: 0 | I59: 0 | N59: 0 | O59: 0
B60: Проведены работы по текущему ремонту муниципальных библиотеках Московской области, ед. | C60: х | D60: х | E60: Всего | F60: 2023 год | G60: 2024 год | H60: 2025 год | I60: Итого 2026 год | J60: В том числе по кварталам: | N60: 2027 год | O60: 2028 год
J61: I | K61: II | L61: III | M61: IV
E62: 1 | F62: 0 | G62: 0 | H62: 1 | I62: - | J62: - | K62: - | L62: - | M62: - | N62: - | O62: -
A63: 3. | B63: Основное мероприятие А1. Федеральный проект «Культурная среда» | C63: 2023 | D63: Итого | E63: =F63+G63+H63+I63+N63+O63 -> 5000 | F63: =F65+F64+F66 -> 5000 | G63: =G65+G64+G66 -> 0 | H63: =H65+H64+H66 -> 0 | I63: =I65+I64 -> 0 | N63: =N65+N64 -> 0 | O63: =O65+O64 -> 0
D64: Средства бюджета городского округа Щёлково | E64: =F64+G64+H64+I64+N64+O64 -> 0 | F64: =F68 -> 0 | G64: =G68 -> 0 | H64: =H68 -> 0 | I64: =I68 -> 0 | N64: =N68 -> 0 | O64: =O68 -> 0
D65: Средства бюджета Московской области | E65: =F65+G65+H65+I65+N65+O65 -> 0 | F65: =F69 -> 0 | G65: =G69 -> 0 | H65: =H69 -> 0 | I65: =I69 -> 0 | N65: =N69 -> 0 | O65: =O69 -> 0
D66: Средства Федерального бюджета | E66: =F66+G66+H66+I66+N66+O66 -> 5000 | F66: 5000 | G66: 0 | H66: =H70 -> 0 | I66: =I70 -> 0 | N66: =N70 -> 0 | O66: =O70 -> 0
A67: 3.1. | B67: Мероприятие А1.01. Создание модельных муниципальных библиотек | C67: 2023 | D67: Итого | E67: =F67+G67+H67+I67+N67+O67 -> 5000 | F67: =F69+F68+F70 -> 5000 | G67: =G69+G68+G70 -> 0 | H67: =H69+H68+H70 -> 0 | I67: =I69+I68+I70 -> 0 | N67: =N69+N68+N70 -> 0 | O67: =O69+O68+O70 -> 0 | P67: МБУК ГОЩ «ЩЦБ»
D68: Средства бюджета городского округа Щёлково | E68: =F68+G68+H68+I68+N68+O68 -> 0 | F68: 0 | G68: 0 | H68: 0 | I68: 0 | N68: 0 | O68: 0
D69: Средства бюджета Московской области | E69: =F69+G69+H69+I69+N69+O69 -> 0 | F69: 0 | G69: 0 | H69: 0 | I69: 0 | N69: 0 | O69: 0
D70: Средства Федерального бюджета | E70: =F70+G70+H70+I70+N70+O70 -> 5000 | F70: 5000 | G70: 0 | H70: 0 | I70: 0 | N70: 0 | O70: 0
B71: Созданы модельные муниципальные библиотеки, единица | C71: х | D71: х | E71: Всего | F71: 2023 год | G71: 2024 год | H71: 2025 год | I71: Итого 2025 год | J71: В том числе по кварталам: | N71: 2027 год | O71: 2028 год
J72: I | K72: II | L72: III | M72: IV
E73: 1 | F73: 1 | G73: - | H73: - | I73: - | J73: - | K73: - | L73: - | M73: - | N73: - | O73: -
A74: 4. | B74: Основное мероприятие Я5 Федеральный проект «Семейные ценности и инфраструктура культуры» | C74: 2023-2028 | D74: Итого | E74: =F74+G74+H74+I74+N74+O74 -> 15000 | F74: =F75+F76 -> 0 | G74: =G75+G76 -> 0 | H74: =H75+H76 -> 15000 | I74: =I75+I76 -> 0 | N74: =N75+N76 -> 0 | O74: =O75+O76 -> 0
D75: Средства Федерального бюджета | E75: =F75+G75+H75+I75+N75+O75 -> 11100 | F75: 0 | G75: 0 | H75: =H78 -> 11100 | I75: 0 | N75: 0 | O75: 0
D76: Средства бюджета Московской области | E76: =F76+G76+H76+I76+N76+O76 -> 3900 | F76: 0 | G76: 0 | H76: =H79 -> 3900 | I76: 0 | N76: 0 | O76: 0
A77: 4.1. | B77: Мероприятие Я5.01 Создание модельных муниципальных библиотек | C77: 2023-2028 | D77: Итого | E77: =F77+G77+H77+I77+N77+O77 -> 15000 | F77: 0 | G77: 0 | H77: =H78+H79 -> 15000 | I77: =I78+I79 -> 0 | N77: =N78+N79 -> 0 | O77: =O78+O79 -> 0 | P77: МБУК ГОЩ «ЩЦБ»
D78: Средства Федерального бюджета | E78: =F78+G78+H78+I78+N78+O78 -> 11100 | F78: 0 | G78: 0 | H78: 11100 | I78: 0 | N78: 0 | O78: 0
D79: Средства бюджета Московской области | E79: =F79+G79+H79+I79+N79+O79 -> 3900 | F79: 0 | G79: 0 | H79: 3900 | I79: 0 | N79: 0 | O79: 0
B80: Переоснащены муниципальные библиотеки по модельному стандарту, ед. | C80: х | D80: х | E80: Всего | F80: 2023 год | G80: 2024 год | H80: 2025 год | I80: Итого 2026 год | J80: В том числе по кварталам: | N80: 2027 год | O80: 2028 год
J81: I | K81: II | L81: III | M81: IV
E82: =H82 -> 1 | F82: 0 | G82: 0 | H82: 1 | I82: - | J82: - | K82: - | L82: - | M82: - | N82: - | O82: -
B83: Итого по подпрограмме | C83: 2023-2028 | D83: Итого | E83: =F83+G83+H83+I83+N83+O83 -> 826013.14 | F83: =F85+F86+F84+F87 -> 108199.93 | G83: =G85+G86+G84+G87 -> 132848.4 | H83: =H85+H86+H84+H87 -> 152587.4 | I83: =I85+I86+I84+I87 -> 145678.48 | N83: =N85+N86+N84+N87 -> 147706.25 | O83: =O85+O86+O84+O87 -> 138992.68
D84: Средства бюджета городского округа Щёлково | E84: =F84+G84+H84+I84+N84+O84 -> 777738.85 | F84: =F8+F40+F64 -> 95939.73 | G84: =G8+G40+G64 -> 124754.35 | H84: =H8+H40+H64 -> 129776.72 | I84: =I8+I40+I64 -> 143998.73 | N84: =N8+N40+N64 -> 146005.63 | O84: =O8+O40+O64 -> 137263.69
D85: Средства бюджета Московской области | E85: =F85+G85+H85+I85+N85+O85 -> 24766.58 | F85: =F10 -> 6188.4 | G85: =G10+G65 -> 6797.1 | H85: =H10+H65+H76 -> 10265.12 | I85: =I10+I65+I76 -> 470.28 | N85: =N10+N65+N76 -> 500.31 | O85: =O10+O65+O76 -> 545.37
D86: Средства Федерального бюджета | E86: =F86+G86+H86+I86+N86+O86 -> 19039.45 | F86: =F9+F66 -> 5440.51 | G86: =G9 -> 500.54 | H86: =H9+H66+H75 -> 11605 | I86: =I9+I75 -> 509.47 | N86: =N9+N75 -> 500.31 | O86: =O9+O75 -> 483.62
D87: Внебюджетные средства | E87: =F87+G87+H87+I87+N87+O87 -> 4468.26 | F87: =F11 -> 631.29 | G87: =G11 -> 796.41 | H87: =H11 -> 940.56 | I87: =I11 -> 700 | N87: =N11 -> 700 | O87: =O11 -> 700

Sheet паспорт пп 4
A3: Паспорт подпрограммы IV «Развитие профессионального искусства, гастрольно-концертной и культурно-досуговой деятельности, кинематографии»
A5: Муниципальный заказчик подпрограммы | C5: Комитет по культуре и туризму Администрации городского округа Щёлково
A6: Источники финансирования подпрограммы,в том числе по годам: | B6: Главный распорядитель бюджетных средств: Комитет по культуре и туризму Администрации городского округа Щёлково | C6: Источник финансирования | D6: Расходы (тыс. рублей)
D7: Всего | E7: 2023 | F7: 2024 | G7: 2025 | H7: 2026 | I7: 2027 | J7: 2028
C8: Средства бюджета городского округа Щёлково | D8: =SUM(E8:J8) -> 3862435.2 | E8: =пп4!F137 -> 595930.78 | F8: =пп4!G137 -> 621838.32 | G8: =пп4!H137 -> 626634.7 | H8: =пп4!I137 -> 725338.09 | I8: =пп4!N137 -> 667898.55 | J8: =пп4!O137 -> 624794.77
C9: Средства бюджета Московской области | D9: =SUM(E9:J9) -> 97896.95 | E9: =пп4!F138 -> 25572.45 | F9: =пп4!G138 -> 34821.27 | G9: =пп4!H138 -> 29095.81 | H9: =пп4!I138 -> 2718.46 | I9: =пп4!N138 -> 2739 | J9: =пп4!O138 -> 2949.96
C10: Средства Федерального бюджета | D10: =SUM(E10:J10) -> 14687.74 | E10: =пп4!F139 -> 2010 | F10: =пп4!G139 -> 2091.28 | G10: =пп4!H139 -> 2286.46 | H10: =пп4!I139 -> 2945 | I10: =пп4!N139 -> 2739 | J10: =пп4!O139 -> 2616
C11: Внебюджетные источники | D11: =SUM(E11:J11) -> 576729.55 | E11: =пп4!F140 -> 66731.41 | F11: =пп4!G140 -> 91136.7 | G11: =пп4!H140 -> 110001.18 | H11: =пп4!I140 -> 102953.42 | I11: =пп4!N140 -> 102953.42 | J11: =пп4!O140 -> 102953.42
C12: Всего, в том числе: | D12: =SUM(E12:J12) -> 4551749.5 | E12: =E8+E11+E9+E10 -> 690244.64 | F12: =F8+F11+F9+F10 -> 749887.57 | G12: =G8+G11+G9+G10 -> 768018.15 | H12: =H8+H11+H9+H10 -> 833954.97 | I12: =I8+I11+I9+I10 -> 776329.97 | J12: =J8+J11+J9+J10 -> 733314.15

Sheet пп4
A1: Перечень мероприятий подпрограммы IV «Развитие профессионального искусства, гастрольно-концертной и культурно-досуговой деятельности, кинематографии»
A4: № п/п | B4: Мероприятие подпрограммы | C4: Сроки исполнения, годы | D4: Источник финансирования | E4: Всего (тыс.руб.) | F4: Объем финансирования по годам (тыс.руб.) | P4: Ответственный за выполнение мероприятия
F6: 2023 год | G6: 2024 год | H6: 2025 год | I6: 2026 год | N6: 2027 год | O6: 2028 год
A7: 1 | B7: Основное мероприятие 01. Обеспечение функций театрально-концертных учреждений, муниципальных учреждений культуры Московской области | C7: 2023-2028 | D7: Итого | E7: =F7+G7+H7+I7+N7+O7 -> 885993.31 | F7: =F10+F9+F8+F11 -> 112250.36 | G7: =G10+G9+G8+G11 -> 135626.82 | H7: =H10+H9+H8+H11 -> 151990.69 | I7: =I10+I9+I8+I11 -> 161347.52 | N7: =N10+N9+N8+N11 -> 171633.22 | O7: =O10+O9+O8+O11 -> 153144.7
D8: Средства бюджета городского округа Щёлково | E8: =F8+G8+H8+I8+N8+O8 -> 708520.69 | F8: =F13+F19+F25 -> 88578.93 | G8: =G13+G19+G25 -> 107392.39 | H8: =H13+H19+H25 -> 118131.35 | I8: =I13+I19+I25 -> 130684.06 | N8: =N13+N19+N25 -> 141155.22 | O8: =O13+O19+O25 -> 122578.74
D9: Средства Федерального бюджета | E9: =F9+G9+H9+I9+N9+O9 -> 14537.74 | F9: =F26 -> 1860 | G9: =G26 -> 2091.28 | H9: =H26 -> 2286.46 | I9: =I26 -> 2945 | N9: =N26 -> 2739 | O9: =O26 -> 2616
D10: Средства бюджета Московской области | E10: =F10+G10+H10+I10+N10+O10 -> 13382.74 | F10: =F27 -> 1461.43 | G10: =G27 -> 1643.15 | H10: =H27 -> 1870.74 | I10: =I27 -> 2718.46 | N10: =N27 -> 2739 | O10: =O27 -> 2949.96
D11: Внебюджетные средства | E11: =F11+G11+H11+I11+N11+O11 -> 149552.14 | F11: =F14 -> 20350 | G11: =G14 -> 24500 | H11: =H14 -> 29702.14 | I11: =I14 -> 25000 | N11: =N14 -> 25000 | O11: =O14 -> 25000
A12: 1.1. | B12: Мероприятие 01.01. Расходы на обеспечение деятельности (оказание услуг) муниципальных учреждений - театрально-концертные организации | C12: 2023-2028 | D12: Итого | E12: =F12+G12+H12+I12+N12+O12 -> 803330.85 | F12: =F13+F14 -> 102367.7 | G12: =G13+G14 -> 122207.68 | H12: =H13+H14 -> 138282.14 | I12: =I13+I14 -> 149491.11 | N12: =N13+N14 -> 149491.11 | O12: =O13+O14 -> 141491.11 | P12: МАУК ГОЩ «Театрально-концертный центр «Щёлковский театр»
D13: Средства бюджета городского округа Щёлково | E13: =F13+G13+H13+I13+N13+O13 -> 653778.71 | F13: 82017.7 | G13: 97707.68 | H13: 108580 | I13: 124491.11 | N13: 124491.11 | O13: 116491.11
D14: Внебюджетные средства | E14: =F14+G14+H14+I14+N14+O14 -> 149552.14 | F14: 20350 | G14: 24500 | H14: 29702.14 | I14: 25000 | N14: 25000 | O14: 25000
B15: Доля достижения показателей муниципального задания, характеризующих объем оказываемых муниципальных услуг (работ) от установленных показателей муниципального задания, характеризующих объем муниципальных услуг (работ), для муниципальных учреждений - театрально-концертные организации, процент | C15: х | D15: х | E15: Всего | F15: 2023 год | G15: 2024 год | H15: 2025 год | I15: Итого 2026 год | J15: В том числе по кварталам: | N15: 2027 год | O15: 2028 год
J16: I | K16: II | L16: III | M16: IV
E17: 100 | F17: 100 | G17: 100 | H17: 100 | I17: 100 | J17: 25 | K17: 50 | L17: 75 | M17: 100 | N17: 100 | O17: 100
A18: 1.2. | B18: Мероприятие 01.02. Мероприятия в сфере культуры | C18: 2023-2028 | D18: Итого | E18: =F18+G18+H18+I18+N18+O18 -> 45448.27 | F18: =F19+F20 -> 4969.3 | G18: =G19+G20 -> 8466.32 | H18: =H19+H20 -> 8143.35 | I18: =I19+I20 -> 4472.5 | N18: =N19+N20 -> 15000 | O18: =O19+O20 -> 4396.8 | P18: МАУК ГОЩ «Театрально-концертный центр «Щёлковский театр»
D19: Средства бюджета городского округа Щёлково | E19: =F19+G19+H19+I19+N19+O19 -> 45448.27 | F19: 4969.3 | G19: 8466.32 | H19: 8143.35 | I19: 4472.5 | N19: 15000 | O19: 4396.8
D20: Внебюджетные средства | E20: =F20+G20+H20+I20+N20+O20 -> 0 | F20: 0 | G20: 0 | H20: 0 | I20: 0 | N20: 0 | O20: 0
B21: Проведены праздничные и культурно-массовые мероприятия, фестивали, конкурсы, ед. | C21: х | D21: х | E21: Всего | F21: 2023 год | G21: 2024 год | H21: 2025 год | I21: Итого 2026 год | J21: В том числе по кварталам: | N21: 2027 год | O21: 2028 год
J22: I | K22: II | L22: III | M22: IV
E23: =F23+G23+H23+I23+N23+O23 -> 31 | F23: 6 | G23: 6 | H23: 4 | I23: =M23 -> 7 | J23: 2 | K23: 6 | L23: 7 | M23: 7 | N23: 4 | O23: 4
A24: 1.3. | B24: Мероприятие 01.04 Поддержка творческой деятельности и укрепление материально-технической базы муниципальных театров в населенных пунктах с численностью населения до 300 тысяч человек | C24: 2023-2028 | D24: Итого | E24: =F24+G24+H24+I24+N24+O24 -> 37214.19 | F24: =F27+F26+F25 -> 4913.36 | G24: =G27+G26+G25 -> 4952.82 | H24: =H27+H26+H25 -> 5565.2 | I24: =I27+I26+I25 -> 7383.91 | N24: =N27+N26+N25 -> 7142.11 | O24: =O27+O26+O25 -> 7256.79 | P24: МАУК ГОЩ «Театрально-концертный центр «Щёлковский театр»
D25: Средства бюджета городского округа Щёлково | E25: =F25+G25+H25+I25+N25+O25 -> 9293.71 | F25: 1591.93 | G25: 1218.39 | H25: 1408 | I25: =1720.46-0.01 -> 1720.45 | N25: =1664.12-0.01 -> 1664.11 | O25: =1690.84-0.01 -> 1690.83
D26: Средства Федерального бюджета | E26: =F26+G26+H26+I26+N26+O26 -> 14537.74 | F26: 1860 | G26: 2091.28 | H26: 2286.46 | I26: 2945 | N26: 2739 | O26: 2616
D27: Средства бюджета Московской области | E27: =F27+G27+H27+I27+N27+O27 -> 13382.74 | F27: 1461.43 | G27: 1643.15 | H27: 1870.74 | I27: =2718.47-0.01 -> 2718.46 | N27: 2739 | O27: 2949.96
B28: Созданы новые постановки и (или) улучшено материально-техническое оснащение профессиональных репертуарных театров, находящихся в населенных пунктах с численностью населения до 300 тысяч человек , (ед.) | C28: х | D28: х | E28: Всего | F28: 2023 год | G28: 2024 год | H28: 2025 год | I28: Итого 2026 год | J28: В том числе по кварталам: | N28: 2027 год | O28: 2028 год
J29: I | K29: II | L29: III | M29: IV
E30: 3 | F30: 1 | G30: 1 | H30: 1 | I30: - | J30: - | K30: - | L30: - | M30: - | N30: - | O30: -
B31: Усовершенствованы профессиональные репертуарные театры, находящиеся в населенных пунктах с численностью населения до 300 тыс. человек, путем создания новых постановок и (или) улучшения материально-технического оснащения, ед. | C31: х | D31: х | E31: =F31+G31+H31+I31+N31+O31 -> 3 | F31: 0 | G31: 0 | H31: 0 | I31: 1 | J31: 0 | K31: 0 | L31: 0 | M31: 1 | N31: 1 | O31: 1
A32: 2. | B32: Основное мероприятие 04.Обеспечение функций культурно-досуговых учреждений | C32: 2023-2028 | D32: Итого | E32: =F32+G32+H32+I32+N32+O32 -> 3252061.2 | F32: =F33+F34 -> 430288.35 | G32: =G33+G34 -> 505912.56 | H32: =H33+H34 -> 566029.95 | I32: =I33+I34 -> 593463.86 | N32: =N33+N34 -> 587498.48 | O32: =O33+O34 -> 568867.98
D33: Средства бюджета городского округа Щёлково | E33: =F33+G33+H33+I33+N33+O33 -> 2843996.5 | F33: =F36+F43 -> 383906.94 | G33: =G36+G43 -> 445671.54 | H33: =H36+H43 -> 489558.97 | I33: =I36+I43 -> 518473.44 | N33: =N36+N43 -> 512508.06 | O33: =O36+O43 -> 493877.56
D34: Внебюджетные средства | E34: =F34+G34+H34+I34+N34+O34 -> 408064.67 | F34: =F37 -> 46381.41 | G34: =G37 -> 60241.02 | H34: =H37 -> 76470.98 | I34: =I37 -> 74990.42 | N34: =N37 -> 74990.42 | O34: =O37 -> 74990.42
A35: 2.1. | B35: Мероприятие 04.01 Расходы на обеспечение деятельности (оказание услуг) муниципальных учреждений - культурно-досуговые учреждения | C35: 2023-2028 | D35: Итого | E35: =F35+G35+H35+I35+N35+O35 -> 3163989.5 | F35: =F36+F37 -> 410089.31 | G35: =G36+G37 -> 490371.71 | H35: =H36+H37 -> 550024.54 | I35: =I36+I37 -> 574167.98 | N35: =N36+N37 -> 574167.98 | O35: =O36+O37 -> 565167.98 | P35: МАУК ГОЩ «Центральный Дворец культуры», МАУК ГОЩ «ДК им В.П.Чкалова», МБУК ГОЩ «Централизованная клубная система Фряново», МБУ ГОЩ КДЦ «Дом офицеров», МБУК ГОЩ «Медвежье-Озерская централизованная клубная система», МБУК ГОЩ Центр культуры и досуга «Гребнево», МБУК ГОЩ «Литвиновская централизованная клубная система», МБУК ГОЩ «Огудневская централизованная клубная система»
D36: Средства бюджета городского округа Щёлково | E36: =F36+G36+H36+I36+N36+O36 -> 2755924.8 | F36: 363707.9 | G36: 430130.69 | H36: 473553.56 | I36: 499177.56 | N36: 499177.56 | O36: 490177.56
D37: Внебюджетные средства | E37: =F37+G37+H37+I37+N37+O37 -> 408064.67 | F37: 46381.41 | G37: =9744.94+2686.04+1241.54+46568.5 -> 60241.02 | H37: =61100+10789.58+3144.36+1437.04 -> 76470.98 | I37: =61000+9886+2804.42+1300 -> 74990.42 | N37: 74990.42 | O37: 74990.42
B38: Доля достижения показателей муниципального задания, характеризующих объем оказываемых муниципальных услуг (работ) от установленных показателей муниципального задания, характеризующих объем муниципальных услуг (работ), для муниципальных культурно-досуговых учреждений, процент | C38: х | D38: х | E38: Всего | F38: 2023 год | G38: 2024 год | H38: 2025 год | I38: Итого 2026 год | J38: В том числе по кварталам: | N38: 2027 год | O38: 2028 год
J39: I | K39: II | L39: III | M39: IV
E40: 100 | F40: - | G40: - | H40: - | I40: 100 | J40: - | K40: 50 | L40: 75 | M40: 100 | N40: 100 | O40: 100
B41: Доля достижения показателей муниципального задания, характеризующих объем оказываемых муниципальных услуг (работ) от установленных показателей муниципального задания, характеризующих объем муниципальных услуг (работ), (%) | C41: х | D41: х | E41: 100 | F41: 100 | G41: 100 | H41: 100 | I41: - | J41: - | K41: - | L41: - | M41: - | N41: - | O41: -
A42: 2.2. | B42: Мероприятие 04.02. Мероприятия в сфере культуры | C42: 2023-2028 | D42: Итого | E42: =F42+G42+H42+I42+N42+O42 -> 88071.68 | F42: =F43+F44 -> 20199.04 | G42: =G43+G44 -> 15540.85 | H42: =H43+H44 -> 16005.41 | I42: =I43+I44 -> 19295.88 | N42: =N43+N44 -> 13330.5 | O42: =O43+O44 -> 3700 | P42: МАУК ГОЩ «Центральный Дворец культуры», МАУК ГОЩ «ДК им В.П.Чкалова», МБУК ГОЩ «Централизованная клубная система Фряново», МБУ ГОЩ КДЦ «Дом офицеров», МБУК ГОЩ «Медвежье-Озерская централизованная клубная система», МБУК ГОЩ Центр культуры и досуга «Гребнево», МБУК ГОЩ «Литвиновская централизованная клубная система», МБУК ГОЩ «Огудневская централизованная клубная система»
D43: Средства бюджета городского округа Щёлково | E43: =F43+G43+H43+I43+N43+O43 -> 88071.68 | F43: 20199.04 | G43: 15540.85 | H43: 16005.41 | I43: 19295.88 | N43: 13330.5 | O43: 3700
D44: Внебюджетные средства | E44: =F44+G44+H44+I44+N44+O44 -> 0 | F44: 0 | G44: 0 | H44: 0 | I44: 0 | N44: 0 | O44: 0
B45: Проведены праздничные и культурно-массовые мероприятия, фестивали, конкурсы, ед. | C45: х | D45: х | E45: Всего | F45: 2023 год | G45: 2024 год | H45: 2025 год | I45: Итого 2026 год | J45: В том числе по кварталам: | N45: 2027 год | O45: 2028 год
J46: I | K46: II | L46: III | M46: IV
E47: =F47+G47+H47 -> 79 | F47: 6 | G47: 37 | H47: 36 | I47: - | J47: - | K47: - | L47: - | M47: - | N47: - | O47: -
B48: Реализованы и проведены мероприятия в сфере культуры, ед. | C48: х | D48: х | E48: Всего | F48: 2023 год | G48: 2024 год | H48: 2025 год | I48: Итого 2026 год | J48: В том числе по кварталам: | N48: 2027 год | O48: 2028 год
J49: I | K49: II | L49: III | M49: IV
E50: =I50+N50+O50 -> 66 | F50: - | G50: - | H50: - | I50: 22 | J50: 7 | K50: 11 | L50: 19 | M50: 22 | N50: 22 | O50: 22
A51: 3. | B51: Основное мероприятие 05 Модернизация (развитие) материально-технической базы, проведение текущего ремонта муниципальных театрально-концертных и культурно-досуговых учреждений | C51: 2023-2028 | D51: Итого | E51: =F51+G51+H51+I51+N51+O51 -> 261471.85 | F51: =F52+F53 -> 123444.91 | G51: =G52+G53 -> 54895.79 | H51: =H52+H53 -> 11392.23 | I51: =I52+I53 -> 66842.12 | N51: =N52+N53 -> 4896.8 | O51: =O52+O53 -> 0
D52: Средства бюджета городского округа Щёлково | E52: =F52+G52+H52+I52+N52+O52 -> 261471.85 | F52: =F61+F73 -> 123444.91 | G52: =+G55+G67+G85+G91+G61+G73+G635 -> 54895.79 | H52: =H61+H73+H67+H85+H91+H55+H79 -> 11392.23 | I52: =I61+I73+I67+I55+I79+I85+I91 -> 66842.12 | N52: =N61+N73+N67+N55+N79+N85+N91 -> 4896.8 | O52: =O61+O73+O67+O55+O79+O85+O91 -> 0
D53: Внебюджетные средства | E53: =F53+G53+H53+I53+N53+O53 -> 0 | F53: =F62+F74 -> 0 | G53: =G62+G74 -> 0 | H53: =H62+H74+H68+H86+H92 -> 0 | I53: =I62+I74+I68+I56+I80+I86+I92 -> 0 | N53: =N62+N74+N68+N56+N80+N86+N92 -> 0 | O53: =O62+O74+O68+O56+O80+O86+O92 -> 0
A54: 3.1. | B54: Мероприятие 05.01. Модернизация (развитие) материально-технической базы театрально-концертных учреждений культуры | C54: 2023-2028 | D54: Итого | E54: =F54+G54+H54+I54+N54+O54 -> 9347.65 | F54: =F55+F56 -> 0 | G54: =G55+G56 -> 1773.65 | H54: =H55+H56 -> 0 | I54: =I55+I56 -> 7574 | N54: =N55+N56 -> 0 | O54: =O55+O56 -> 0 | P54: МАУК ГОЩ «Театрально-концертный центр «Щёлковский театр»
D55: Средства бюджета городского округа Щёлково | E55: =F55+G55+H55+I55+N55+O55 -> 9347.65 | F55: 0 | G55: 1773.65 | H55: 0 | I55: 7574 | N55: 0 | O55: 0
D56: Внебюджетные средства | E56: =F56+G56+H56+I56+N56+O56 -> 0 | F56: 0 | G56: 0 | H56: 0 | I56: 0 | N56: 0 | O56: 0
B57: Проведена модернизация (развитие) материально-технической базы муниципальных театрально-концертных организаций и учреждения культуры, осуществляющих демонстрацию кинофильмов, кинопрокат, развитие киноискусства, ед. | C57: х | D57: х | E57: Всего | F57: 2023 год | G57: 2024 год | H57: 2025 год | I57: Итого 2026 год | J57: В том числе по кварталам: | N57: 2027 год | O57: 2028 год
J58: I | K58: II | L58: III | M58: IV
E59: =F59+G59+H59+I59+N59+O59 -> 2 | F59: 0 | G59: 1 | H59: 0 | I59: 1 | J59: 0 | K59: 0 | L59: 0 | M59: 1 | N59: 0 | O59: 0
A60: 3.2. | B60: Мероприятие 05.02. Модернизация (развитие) материально-технической базы культурно-досуговых учреждений культуры | C60: 2023-2028 | D60: Итого | E60: =F60+G60+H60+I60+N60+O60 -> 59449.82 | F60: =F61+F62 -> 17823.84 | G60: =G61+G62 -> 29840.91 | H60: =H61+H62 -> 493.1 | I60: =I61+I62 -> 9395.17 | N60: =N61+N62 -> 1896.8 | O60: =O61+O62 -> 0 | P60: МБУК ГОЩ «Централизованная клубная система Фряново», МБУК ГОЩ Центр культуры и досуга «Гребнево», МАУК ГОЩ «Центральный Дворец культуры», МАУК ГОЩ "Дирекция парков"
D61: Средства бюджета городского округа Щёлково | E61: =F61+G61+H61+I61+N61+O61 -> 59449.82 | F61: 17823.84 | G61: 29840.91 | H61: 493.1 | I61: 9395.17 | N61: 1896.8 | O61: 0
D62: Внебюджетные средства | E62: =F62+G62+H62+I62+N62+O62 -> 0 | F62: 0 | G62: 0 | H62: 0 | I62: 0 | N62: 0 | O62: 0
B63: Проведена модернизация (развитие) материально-технической базы культурно-досуговых учреждений культуры, ед. | C63: х | D63: х | E63: Всего | F63: 2023 год | G63: 2024 год | H63: 2025 год | I63: Итого 2026 год | J63: В том числе по кварталам: | N63: 2027 год | O63: 2028 год
J64: I | K64: II | L64: III | M64: IV
E65: =F65+G65+H65+I65+N65+O65 -> 2028 | F65: 3 | G65: 2020 | H65: 2 | I65: 2 | J65: 0 | K65: 0 | L65: 2 | M65: 2 | N65: 1 | O65: 0
A66: 3.3. | B66: Мероприятие 05.03. Проведение капитального ремонта, текущего ремонта и благоустройства территорий театрально-концертных учреждений культуры | C66: 2023-2024 | D66: Итого | E66: =F66+G66+H66+I66+N66+O66 -> 1058.97 | F66: =F67+F68 -> 0 | G66: =G67+G68 -> 1058.97 | H66: =H67+H68 -> 0 | I66: =I67+I68 -> 0 | N66: =N67+N68 -> 0 | O66: =O67+O68 -> 0 | P66: МАУК ГОЩ «Театрально-концертный центр «Щёлковский театр»
D67: Средства бюджета городского округа Щёлково | E67: =F67+G67+H67+I67+N67+O67 -> 1058.97 | F67: 0 | G67: 1058.97 | H67: 0 | I67: 0 | N67: 0 | O67: 0
D68: Внебюджетные средства | E68: =F68+G68+H68+I68+N68+O68 -> 0 | F68: 0 | G68: 0 | H68: 0 | I68: 0 | N68: 0 | O68: 0
B69: Проведен капитальный ремонт, текущий ремонт и благоустройство территорий муниципальных театрально-концертных учреждений культуры, (ед.) | C69: х | D69: х | E69: Всего | F69: 2023 год | G69: 2024 год | H69: 2025 год | I69: Итого 2026 год | J69: В том числе по кварталам: | N69: 2027 год | O69: 2028 год
J70: I | K70: II | L70: III | M70: IV
E71: 1 | F71: 0 | G71: 1 | H71: - | I71: - | J71: - | K71: - | L71: - | M71: - | N71: - | O71: -
A72: 3.4. | B72: Мероприятие 05.04. Проведение капитального ремонта, текущего ремонта и благоустройство территорий культурно-досуговых учреждений культуры | C72: 2023-2024 | D72: Итого | E72: =F72+G72+H72+I72+N72+O72 -> 127843.33 | F72: =F73+F74 -> 105621.07 | G72: =G73+G74 -> 22222.26 | H72: =H73+H74 -> 0 | I72: =I73+I74 -> 0 | N72: =N73+N74 -> 0 | O72: =O73+O74 -> 0 | P72: МАУК ГОЩ «Центральный Дворец культуры», МБУК ГОЩ «Централизованная клубная система Фряново», МБУК ГОЩ "Медвежье-Озерская централизованная клубная система", МБУК ГОЩ Центр культуры и досуга «Гребнево»
D73: Средства бюджета городского округа Щёлково | E73: =F73+G73+H73+I73+N73+O73 -> 127843.33 | F73: 105621.07 | G73: 22222.26 | H73: 0 | I73: 0 | N73: 0 | O73: 0
D74: Внебюджетные средства | E74: =F74+G74+H74+I74+N74+O74 -> 0 | F74: 0 | G74: 0 | H74: 0 | I74: 0 | N74: 0 | O74: 0
B75: Проведен капитальный ремонт, текущий ремонт и благоустройство территорий муниципальных театрально-концертных организаций и учреждений культуры, осуществляющих демонстрацию кинофильмов, кинопрокат, развитие киноискусства, (ед.) | C75: х | D75: х | E75: Всего | F75: 2023 год | G75: 2024 год | H75: 2025 год | I75: Итого 2026 год | J75: В том числе по кварталам: | N75: 2027 год | O75: 2028 год
J76: I | K76: II | L76: III | M76: IV
E77: =F77+G77 -> 32 | F77: 6 | G77: 26 | H77: - | I77: - | J77: - | K77: - | L77: - | M77: - | N77: - | O77: -
A78: 3.5. | B78: Мероприятие 05.05. Выполнение работ по обеспечению пожарной безопасности в театрально-концертных организациях | C78: 2023-2028 | D78: Итого | E78: =F78+G78+H78+I78+N78+O78 -> 2036.9 | F78: =F79+F80 -> 0 | G78: =G79+G80 -> 0 | H78: =H79+H80 -> 56.9 | I78: =I79+I80 -> 1980 | N78: =N79+N80 -> 0 | O78: =O79+O80 -> 0 | P78: МАУК ГОЩ «Театрально-концертный центр «Щёлковский театр»
D79: Средства бюджета городского округа Щёлково | E79: =F79+G79+H79+I79+N79+O79 -> 2036.9 | F79: 0 | G79: 0 | H79: 56.9 | I79: 1980 | N79: 0 | O79: 0
D80: Внебюджетные средства | E80: =F80+G80+H80+I80+N80+O80 -> 0 | F80: 0 | G80: 0 | H80: 0 | I80: 0 | N80: 0 | O80: 0
B81: Выполнены работы по обеспечению пожарной безопасности муниципальных театрально-концертных организаций и учреждений культуры, осуществляющих демонстрацию кинофильмов, кинопрокат, ед. | C81: х | D81: х | E81: Всего | F81: 2023 год | G81: 2024 год | H81: 2025 год | I81: Итого 2026 год | J81: В том числе по кварталам: | N81: 2027 год | O81: 2028 год
J82: I | K82: II | L82: III | M82: IV
E83: 2 | F83: 0 | G83: 0 | H83: 1 | I83: 1 | J83: 0 | K83: 0 | L83: 1 | M83: 1 | N83: - | O83: -
A84: 3.6. | B84: Мероприятие 05.08 Проведение текущего ремонта театрально-концертных учреждений культуры | C84: 2023-2028 | D84: Итого | E84: =F84+G84+H84+I84+N84+O84 -> 23191.15 | F84: =F85+F86 -> 0 | G84: =G85+G86 -> 0 | H84: =H85+H86 -> 1804.15 | I84: =I85+I86 -> 21387 | N84: =N85+N86 -> 0 | O84: =O85+O86 -> 0 | P84: МАУК ГОЩ «Театрально-концертный центр «Щёлковский театр»
D85: Средства бюджета городского округа Щёлково | E85: =F85+G85+H85+I85+N85+O85 -> 23191.15 | F85: 0 | G85: 0 | H85: 1804.15 | I85: 21387 | N85: 0 | O85: 0
D86: Внебюджетные средства | E86: =F86+G86+H86+I86+N86+O86 -> 0 | F86: 0 | G86: 0 | H86: 0 | I86: 0 | N86: 0 | O86: 0
B87: Проведен текущий ремонт муниципальных театрально-концертных организаций и учреждений культуры, осуществляющих демонстрацию кинофильмов, кинопрокат, развитие киноискусства, ед. | C87: х | D87: х | E87: Всего | F87: 2023 год | G87: 2024 год | H87: 2025 год | I87: Итого 2026 год | J87: В том числе по кварталам: | N87: 2027 год | O87: 2028 год
J88: I | K88: II | L88: III | M88: IV
E89: 2 | F89: 0 | G89: 0 | H89: 1 | I89: 1 | J89: 0 | K89: 0 | L89: 1 | M89: 1 | N89: - | O89: -
A90: 3.7. | B90: Мероприятие 05.09 Проведение текущего ремонта культурно-досуговых учреждений культуры | C90: 2023-2028 | D90: Итого | E90: =F90+G90+H90+I90+N90+O90 -> 38544.03 | F90: =F91+F92 -> 0 | G90: =G91+G92 -> 0 | H90: =H91+H92 -> 9038.08 | I90: =I91+I92 -> 26505.95 | N90: =N91+N92 -> 3000 | O90: =O91+O92 -> 0 | P90: МАУК ГОЩ «Центральный Дворец культуры», МБУК ГОЩ «Централизованная клубная система Фряново», МБУК ГОЩ Центр культуры и досуга «Гребнево»
D91: Средства бюджета городского округа Щёлково | E91: =F91+G91+H91+I91+N91+O91 -> 38544.03 | F91: 0 | G91: 0 | H91: 9038.08 | I91: 26505.95 | N91: 3000 | O91: 0
D92: Внебюджетные средства | E92: =F92+G92+H92+I92+N92+O92 -> 0 | F92: 0 | G92: 0 | H92: 0 | I92: 0 | N92: 0 | O92: 0
B93: Проведен текущий ремонт муниципальных культурно-досуговых учреждений культуры, ед. | C93: х | D93: х | E93: Всего | F93: 2023 год | G93: 2024 год | H93: 2025 год | I93: Итого 2026 год | J93: В том числе по кварталам: | N93: 2027 год | O93: 2028 год
J94: I | K94: II | L94: III | M94: IV
E95: =F95+G95+H95+I95+N95+F95 -> 7 | F95: 0 | G95: 0 | H95: 3 | I95: 2 | J95: - | K95: - | L95: 2 | M95: 2 | N95: 2 | O95: -
A96: 4. | B96: Основное мероприятие 06 Создание условий для массового отдыха жителей муниципального образования в парках культуы и отдыха | C96: 2023-2028 | D96: Итого | E96: =F96+G96+H96+I96+N96+O96 -> 67558.9 | F96: =F97+F98 -> 0 | G96: =G97+G98 -> 20274.28 | H96: =H97+H98 -> 11380.21 | I96: =I97+I98 -> 12301.47 | N96: =N97+N98 -> 12301.47 | O96: =O97+O98 -> 11301.47
D97: Средства бюджета городского округа Щёлково | E97: =F97+G97+H97+I97+N97+O97 -> 48446.16 | F97: 0 | G97: =G100+G107 -> 13878.6 | H97: =H100+H107 -> 7552.15 | I97: =I100+I107 -> 9338.47 | N97: =N100+N107 -> 9338.47 | O97: =O100+O107 -> 8338.47
D98: Внебюджетные средства | E98: =F98+G98+H98+I98+N98+O98 -> 19112.74 | F98: 0 | G98: =G101+G108 -> 6395.68 | H98: =H101+H108 -> 3828.06 | I98: =I101+I108 -> 2963 | N98: =N101+N108 -> 2963 | O98: =O101+O108 -> 2963
A99: 4.1. | B99: Мероприятие 06.01. Расходы на обеспечение деятельности (оказание услуг) муниципальных учреждений - парк культуры и отдыха | C99: 2023-2028 | D99: Итого | E99: =F99+G99+H99+I99+N99+O99 -> 61318.05 | F99: =F100+F101 -> 0 | G99: =G100+G101 -> 14033.43 | H99: =H100+H101 -> 11380.21 | I99: =I100+I101 -> 12301.47 | N99: =N100+N101 -> 12301.47 | O99: =O100+O101 -> 11301.47 | P99: МАУК ГОЩ "Дирекция парков"
D100: Средства бюджета городского округа Щёлково | E100: =F100+G100+H100+I100+N100+O100 -> 42205.31 | F100: 0 | G100: 7637.75 | H100: 7552.15 | I100: 9338.47 | N100: 9338.47 | O100: 8338.47
D101: Внебюджетные средства | E101: =F101+G101+H101+I101+N101+O101 -> 19112.74 | F101: 0 | G101: 6395.68 | H101: 3828.06 | I101: 2963 | N101: 2963 | O101: 2963
B102: Доля достижения показателей муниципального задания, характеризующих объем оказываемых муниципальных услуг (работ) от установленных показателей муниципального задания, характеризующих объем муниципальных услуг (работ), для муниципальных учреждений - парков культуры и отдыха, процент | C102: х | D102: х | E102: Всего | F102: 2023 год | G102: 2024 год | H102: 2025 год | I102: Итого 2026 год | J102: В том числе по кварталам: | N102: 2027 год | O102: 2028 год
J103: I | K103: II | L103: III | M103: IV
...

Sheet паспорт пп 5
A3: Паспорт подпрограммы V «Укрепление материально-технической базы муниципальных учреждений культуры»
A5: Муниципальный заказчик подпрограммы | C5: Комитет по культуре и туризму Администрации городского округа Щёлково
A6: Источники финансирования подпрограммы,в том числе по годам: | B6: Главный распорядитель бюджетных средств: Комитет по культуре и туризму Администрации городского округа Щёлково | C6: Источник финансирования | D6: Расходы (тыс. рублей)
D7: Всего | E7: 2023 | F7: 2024 | G7: 2025 | H7: 2026 | I7: 2027 | J7: 2028
C8: Средства бюджета городского округа Щёлково | D8: =SUM(E8:I8) -> 31415.49 | E8: =пп5!F26 -> 24.83 | F8: =пп5!G26 -> 1390.66 | G8: =пп5!H26 -> 20000 | H8: =пп5!I26 -> 10000 | I8: =пп5!N26 -> 0 | J8: =пп5!P26 -> 0
C9: Средства бюджета Московской области | D9: =SUM(E9:I9) -> 29787.93 | E9: =пп5!F27 -> 57.91 | F9: =пп5!G27 -> 0 | G9: =пп5!H27 -> 19730.02 | H9: =пп5!I27 -> 10000 | I9: =пп5!N27 -> 0 | J9: =пп5!P27 -> 0
C10: Всего, в том числе: | D10: =SUM(E10:I10) -> 61203.42 | E10: =E9+E8 -> 82.74 | F10: =F9+F8 -> 1390.66 | G10: =G9+G8 -> 39730.02 | H10: =H9+H8 -> 20000 | I10: =I9+I8 -> 0 | J10: =J9+J8 -> 0

Sheet пп5
A1: Перечень мероприятий подпрограммы V «Укрепление материально-технической базы муниципальных учреждений культуры»
A4: № п/п | B4: Мероприятие подпрограммы | C4: Сроки исполнения, годы | D4: Источник финансирования | E4: Всего (тыс.руб.) | F4: Объем финансирования по годам (тыс.руб.) | P4: Ответственный за выполнение мероприятия
F6: 2023 год | G6: 2024 год | H6: 2025 год | I6: 2026 год | N6: 2027 год | O6: 2028 год
A7: 1 | B7: Основное мероприятие 01. Создание доступной среды | C7: 2023-2028 | D7: Итого | E7: =F7+G7+H7+I7+N7+O7 -> 1473.4 | F7: =F9+F8 -> 82.74 | G7: =G9+G8 -> 1390.66 | H7: =H9+H8 -> 0 | I7: =I9+I8 -> 0 | N7: =N9+N8 -> 0 | O7: =O9+O8 -> 0
D8: Средства бюджета городского округа Щёлково | E8: =F8+G8+H8+I8+N8+O8 -> 1415.49 | F8: =F11 -> 24.83 | G8: =G11 -> 1390.66 | H8: =H11 -> 0 | I8: =I11 -> 0 | N8: =N11 -> 0 | O8: =O11 -> 0
D9: Средства бюджета Московской области | E9: =F9+G9+H9+I9+N9+O9 -> 57.91 | F9: =F12 -> 57.91 | G9: =G12 -> 0 | H9: =H12 -> 0 | I9: =I12 -> 0 | N9: =N12 -> 0 | O9: =O12 -> 0
A10: 1.1. | B10: Мероприятие 01.01. Создание доступной среды в муниципальных учреждениях культуры | C10: 2023-2028 | D10: Итого | E10: =F10+G10+H10+I10+N10+O10 -> 1473.4 | F10: =F12+F11 -> 82.74 | G10: =G12+G11 -> 1390.66 | H10: =H12+H11 -> 0 | I10: =I12+I11 -> 0 | N10: =N12+N11 -> 0 | O10: =O12+O11 -> 0 | P10: МАУК ГОЩ "ЦДК"
D11: Средства бюджета городского округа Щёлково | E11: =F11+G11+H11+I11+N11+O11 -> 1415.49 | F11: 24.83 | G11: 1390.66 | H11: 0 | I11: 0 | N11: 0 | O11: 0
D12: Средства бюджета Московской области | E12: =F12+G12+H12+I12+N12+O12 -> 57.91 | F12: 57.91 | G12: 0 | H12: 0 | I12: 0 | N12: 0 | O12: 0
B13: Оборудованы в соответствии с требованиями доступности для инвалидов и других маломобильных групп населения объекты организаций культуры, ед. | C13: х | D13: х | E13: Всего | F13: 2023 год | G13: 2024 год | H13: 2025 год | I13: Итого 2026 год | J13: В том числе по кварталам: | N13: 2027 год | O13: 2028 год
J14: I | K14: II | L14: III | M14: IV
E15: 2 | F15: 1 | G15: 1 | H15: - | I15: - | J15: - | K15: - | L15: - | M15: - | N15: - | O15: -
A16: 2. | B16: Основное мероприятие 02. Обеспечение современных условий деятельности муниципальных культурно-досуговых учреждений и организаций дополнительного образования сферы культуры | C16: 2023-2028 | D16: Итого | E16: =F16+G16+H16+I16+N16+O16 -> 59730.02 | F16: =F17+F18 -> 0 | G16: =G17+G18 -> 0 | H16: =H17+H18 -> 39730.02 | I16: =I17+I18 -> 20000 | N16: =N17+N18 -> 0 | O16: =O17+O18 -> 0
D17: Средства бюджета городского округа Щёлково | E17: =F17+G17+H17+I17+N17+O17 -> 30000 | F17: =F20 -> 0 | G17: =G20 -> 0 | H17: =H20 -> 20000 | I17: =I20 -> 10000 | N17: =N20 -> 0 | O17: =O20 -> 0
D18: Средства бюджета Московской области | E18: =F18+G18+H18+I18+N18+O18 -> 29730.02 | F18: =F21 -> 0 | G18: =G21 -> 0 | H18: =H21 -> 19730.02 | I18: =I21 -> 10000 | N18: =N21 -> 0 | O18: =O21 -> 0
A19: 2.1. | B19: Мероприятие 02.04. Проведение ремонта объектов муниципальных культурно-досуговых учреждений в сельской местности | C19: 2023-2028 | D19: Итого | E19: =F19+G19+H19+I19+N19+O19 -> 59730.02 | F19: =F20+F21 -> 0 | G19: =G20+G21 -> 0 | H19: =H20+H21 -> 39730.02 | I19: =I20+I21 -> 20000 | N19: =N20+N21 -> 0 | O19: =O20+O21 -> 0 | P19: МБУК ГОЩ «Медвежье-Озерская централизованная клубная система»,
D20: Средства бюджета городского округа Щёлково | E20: =F20+G20+H20+I20+N20+O20 -> 30000 | F20: 0 | G20: 0 | H20: 20000 | I20: 10000 | N20: 0 | O20: 0
D21: Средства бюджета Московской области | E21: =F21+G21+H21+I21+N21+O21 -> 29730.02 | F21: 0 | G21: 0 | H21: 19730.02 | I21: 10000 | N21: 0 | O21: 0
B22: Количество объектов муниципальных культурно-досуговых учреждений в сельской местности, в которых проведен ремонт, ед. | C22: х | D22: х | E22: Всего | F22: 2023 год | G22: 2024 год | H22: 2025 год | I22: Итого 2026 год | J22: В том числе по кварталам: | N22: 2027 год | O22: 2028 год
J23: I | K23: II | L23: III | M23: IV
E24: 2 | F24: 0 | G24: 0 | H24: 1 | I24: 1 | J24: 0 | K24: 0 | L24: 0 | M24: 1 | N24: 0 | O24: 0 | Q24: исполнение октябрь
B25: Итого по подпрограмме | C25: 2023-2028 | D25: Итого | E25: =F25+G25+H25+I25+N25+O25 -> 61203.42 | F25: =F27+F26 -> 82.74 | G25: =G27+G26 -> 1390.66 | H25: =H27+H26 -> 39730.02 | I25: =I27+I26 -> 20000 | N25: =N27+N26 -> 0 | O25: =O27+O26 -> 0
D26: Средства бюджета городского округа Щёлково | E26: =F26+G26+H26+I26+N26+O26 -> 31415.49 | F26: =F8+F17 -> 24.83 | G26: =G8+G17 -> 1390.66 | H26: =H8+H17 -> 20000 | I26: =I8+I17 -> 10000 | N26: =N8+N17 -> 0 | O26: =O8+O17 -> 0
D27: Средства бюджета Московской области | E27: =F27+G27+H27+I27+N27+O27 -> 29787.93 | F27: =F9+F18 -> 57.91 | G27: =G9+G18 -> 0 | H27: =H9+H18 -> 19730.02 | I27: =I9+I18 -> 10000 | N27: =N9+N18 -> 0 | O27: =O9+O18 -> 0

Sheet паспорт пп 6
A3: Паспорт подпрограммы VI «Развитие образования в сфере культуры»
A5: Муниципальный заказчик подпрограммы | C5: Комитет по культуре и туризму Администрации городского округа Щёлково
A6: Источники финансирования подпрограммы,в том числе по годам: | B6: Главный распорядитель бюджетных средств: Комитет по культуре и туризму Администрации городского округа Щёлково | C6: Источник финансирования | D6: Расходы (тыс. рублей)
D7: Всего | E7: 2023 | F7: 2024 | G7: 2025 | H7: 2026 | I7: 2027 | J7: 2028
C8: Средства бюджета городского округа Щёлково | D8: =SUM(E8:J8) -> 2482838.1 | E8: ='пп 6'!F74 -> 306196.81 | F8: ='пп 6'!G74 -> 426912.06 | G8: ='пп 6'!H74 -> 391018.05 | H8: ='пп 6'!I74 -> 456401.59 | I8: ='пп 6'!N74 -> 455808.88 | J8: ='пп 6'!O74 -> 446500.68
C9: Средства бюджета Московской области | D9: =SUM(E9:J9) -> 61502.06 | E9: ='пп 6'!F75 -> 0 | F9: ='пп 6'!G75 -> 12922 | G9: ='пп 6'!H75 -> 35332.38 | H9: ='пп 6'!I75 -> 8918.12 | I9: ='пп 6'!N75 -> 4329.56 | J9: ='пп 6'!O75 -> 0
C10: Средства Федерального бюджета | D10: =SUM(E10:J10) -> 12060.04 | E10: ='пп 6'!F76 -> 0 | F10: ='пп 6'!G76 -> 0 | G10: ='пп 6'!H76 -> 3655.6 | H10: ='пп 6'!I76 -> 0 | I10: ='пп 6'!N76 -> 8404.44 | J10: ='пп 6'!O76 -> 0
C11: Внебюджетные источники | D11: =SUM(E11:J11) -> 167724.04 | E11: ='пп 6'!F77 -> 25962.69 | F11: ='пп 6'!G77 -> 28949.16 | G11: ='пп 6'!H77 -> 29712.19 | H11: ='пп 6'!I77 -> 27700 | I11: ='пп 6'!N77 -> 27700 | J11: ='пп 6'!O77 -> 27700
C12: Всего, в том числе: | D12: =SUM(E12:J12) -> 2724124.2 | E12: =E11+E8+E9+E10 -> 332159.5 | F12: =F11+F8+F9+F10 -> 468783.22 | G12: =G11+G8+G9+G10 -> 459718.22 | H12: =H11+H8+H9+H10 -> 493019.71 | I12: =I11+I8+I9+I10 -> 496242.88 | J12: =J11+J8+J9+J10 -> 474200.68

Sheet пп 6
A1: Перечень мероприятий подпрограммы VI «Развитие образования в сфере культуры»
A4: № п/п | B4: Мероприятие подпрограммы | C4: Сроки исполнения, годы | D4: Источник финансирования | E4: Всего (тыс.руб.) | F4: Объем финансирования по годам (тыс.руб.) | P4: Ответственный за выполнение мероприятия
F6: 2023 год | G6: 2024 год | H6: 2025 год | I6: 2026 год | N6: 2027 год | O6: 2028 год
A7: 1 | B7: Основное мероприятие 01 Обеспечение функций муниципальных организаций дополнительного образования сферы культуры | C7: 2023-2028 | D7: Итого | E7: =F7+G7+H7+I7+N7+O7 -> 2626183.5 | F7: =F8+F9 -> 332159.5 | G7: =G8+G9 -> 441485.1 | H7: =H8+H9 -> 419057.12 | I7: =I8+I9 -> 479640.53 | N7: =N8+N9 -> 479640.53 | O7: =O8+O9 -> 474200.68
D8: Средства бюджета городского округа Щёлково | E8: =F8+G8+H8+I8+N8+O8 -> 2458459.4 | F8: =F11 -> 306196.81 | G8: =G11 -> 412535.94 | H8: =H11 -> 389344.93 | I8: =I11 -> 451940.53 | N8: =N11 -> 451940.53 | O8: =O11 -> 446500.68
D9: Внебюджетные средства | E9: =F9+G9+H9+I9+N9+O9 -> 167724.04 | F9: =F12 -> 25962.69 | G9: =G12 -> 28949.16 | H9: =H12 -> 29712.19 | I9: =I12 -> 27700 | N9: =N12 -> 27700 | O9: =O12 -> 27700
A10: 1.1. | B10: Мероприятие 01.01. Расходы на обеспечение деятельности (оказание услуг) муниципальных организаций дополнительного образования сферы культуры | C10: 2023-2028 | D10: Итого | E10: =F10+G10+H10+I10+N10+O10 -> 2626183.5 | F10: =F11+F12 -> 332159.5 | G10: =G11+G12 -> 441485.1 | H10: =H11+H12 -> 419057.12 | I10: =I11+I12 -> 479640.53 | N10: =N11+N12 -> 479640.53 | O10: =O11+O12 -> 474200.68 | P10: МАУДО Детская музыкальная школа ГОЩ, МБУДО Фряновская детская школа искусств ГОЩ, МАУДО Детская школа искусств им. Ю.А. Розума ГОЩ, МБУДО Медвежье-Озёрская детская школа искусств ГОЩ, МАУДО Детская художественная школа ГОЩ
D11: Средства бюджета городского округа Щёлково | E11: =F11+G11+H11+I11+N11+O11 -> 2458459.4 | F11: 306196.81 | G11: 412535.94 | H11: 389344.93 | I11: 451940.53 | N11: 451940.53 | O11: 446500.68
D12: Внебюджетные средства | E12: =F12+G12+H12+I12+N12+O12 -> 167724.04 | F12: 25962.69 | G12: =10226.34+2765.23+1628+2810.75+5418.84+6100 -> 28949.16 | H12: =11083.88+3000+1127.13+2904.77+5928.35+5668.06 -> 29712.19 | I12: =10300+3000+3000+5300+6100 -> 27700 | N12: 27700 | O12: 27700
B13: Доля достижения показателей муниципального задания, характеризующих объем оказываемых муниципальных услуг (работ) от установленных показателей муниципального задания, характеризующих объем муниципальных услуг (работ), для муниципальных организаций дополнительного образования сферы культуры, процент | C13: х | D13: х | E13: Всего | F13: 2023 год | G13: 2024 год | H13: 2025 год | I13: Итого 2026 год | J13: В том числе по кварталам: | N13: 2027 год | O13: 2028 год
J14: I | K14: II | L14: III | M14: IV
E15: 100 | F15: 100 | G15: 100 | H15: 100 | I15: 100 | J15: 25 | K15: 50 | L15: 75 | M15: 100 | N15: 100 | O15: 100
A16: 2. | B16: Основное мероприятие 03 Обеспечение современных условий организации образовательного и учебно-производственного процесса | C16: 2023-2028 | D16: Итого | E16: =F16+G16+H16+I16+N16+O16 -> 19217.68 | F16: =F17+F18 -> 0 | G16: =G17+G18 -> 14376.12 | H16: =H17+H18 -> 0 | I16: =I17+I18 -> 4841.56 | N16: =N17+N18 -> 0 | O16: =O17+O18 -> 0
D17: Средства бюджета городского округа Щёлково | E17: =F17+G17+H17+I17+N17+O17 -> 18837.18 | F17: 0 | G17: =G20+G26 -> 14376.12 | H17: =H20+H26 -> 0 | I17: =I20+I26+I31+I37 -> 4461.06 | N17: =N20+N26+N31+N37 -> 0 | O17: =O20+O26+O31+O37 -> 0
D18: Средства бюджета Московской области | E18: =F18+G18+H18+I18+N18+O18 -> 380.5 | F18: =F32 -> 0 | G18: =G32 -> 0 | H18: =H32 -> 0 | I18: =I32 -> 380.5 | N18: =N32 -> 0 | O18: =O32 -> 0
A19: 2.1. | B19: Мероприятие 03.01. Модернизация (развитие) материально-технической базы организаций дополнительного образования сферы культуры | C19: 2023-2028 | D19: Итого | E19: =F19+G19+H19+I19+N19+O19 -> 9976.12 | F19: =F20 -> 0 | G19: =G20 -> 8900.12 | H19: =H20 -> 0 | I19: =I20 -> 1076 | N19: =N20 -> 0 | O19: =O20 -> 0 | P19: МАУДО Детская музыкальная школа ГОЩ
D20: Средства бюджета городского округа Щёлково | E20: =F20+G20+H20+I20+N20+O20 -> 9976.12 | F20: 0 | G20: 8900.12 | H20: 0 | I20: 1076 | N20: 0 | O20: 0
B21: Проведена модернизация (развитие) материально-технической базы организаций дополнительного образования сферы культуры, (ед.) | C21: х | D21: х | E21: Всего | F21: 2023 год | G21: 2024 год | H21: 2025 год | I21: Итого 2026 год | J21: В том числе по кварталам: | N21: 2027 год | O21: 2028 год
J22: I | K22: II | L22: III | M22: IV
E23: 768 | F23: - | G23: 768 | H23: - | I23: - | J23: - | K23: - | L23: - | M23: - | N23: - | O23: -
B24: Оснащены оборудованием организации дополнительного образования сферы культуры, ед. | C24: х | D24: х | E24: =F24+G24+H24+I24+N24+O24 -> 1 | F24: 0 | G24: 0 | H24: 0 | I24: 1 | J24: 0 | K24: 0 | L24: 1 | M24: 1 | N24: 0 | O24: 0
A25: 2.2. | B25: Мероприятие 03.02. Проведение капитального ремонта, текущего ремонта организаций дополнительного образования сферы культуры | C25: 2023-2024 | D25: Итого | E25: =F25+G25+H25+I25+N25+O25 -> 5476 | F25: =F26 -> 0 | G25: =G26 -> 5476 | H25: =H26 -> 0 | I25: =I26 -> 0 | N25: =N26 -> 0 | O25: 0 | P25: МАУДО Детская музыкальная школа ГОЩ, МБУДО Фряновская детская школа искусств ГОЩ, МАУДО Детская школа искусств им. Ю.А. Розума ГОЩ, МБУДО Медвежье-Озёрская детская школа искусств ГОЩ, МАУДО Детская художественная школа ГОЩ
D26: Средства бюджета городского округа Щёлково | E26: =F26+G26+H26+I26+N26+O26 -> 5476 | F26: 0 | G26: 5476 | H26: 0 | I26: 0 | N26: 0 | O26: 0
B27: Проведен капиталный ремонт, текущий ремонт в организациях дополнительного образования сферы культуры, (ед.) | C27: х | D27: х | E27: Всего | F27: 2023 год | G27: 2024 год | H27: 2025 год | I27: Итого 2026 год | J27: В том числе по кварталам: | N27: 2027 год | O27: 2028 год
J28: I | K28: II | L28: III | M28: IV
E29: 2 | F29: 0 | G29: 2 | H29: - | I29: - | J29: - | K29: - | L29: - | M29: - | N29: - | O29: -
A30: 2.3. | B30: Мероприятие 03.04. Приобретение музыкальных инструментов для муниципальных организаций дополнительного образования в сфере культуры | C30: 2023-2028 | D30: Итого | E30: =F30+G30+H30+I30+N30+O30 -> 761 | F30: =F31+F32 -> 0 | G30: =G31+G32 -> 0 | H30: =H31+H32 -> 0 | I30: =I31+I32 -> 761 | N30: =N31+N32 -> 0 | O30: =O31+O32 -> 0 | P30: МАУДО Детская школа искусств им. Ю.А. Розума ГОЩ
D31: Средства бюджета городского округа Щёлково | E31: =F31+G31+H31+I31+N31+O31 -> 380.5 | F31: =F34 -> 0 | G31: =G34 -> 0 | H31: =H34 -> 0 | I31: 380.5 | N31: =N34 -> 0 | O31: =O34 -> 0
D32: Средства бюджета Московской области | E32: =F32+G32+H32+I32+N32+O32 -> 380.5 | F32: =F35 -> 0 | G32: =G35 -> 0 | H32: =H35 -> 0 | I32: 380.5 | N32: =N35 -> 0 | O32: =O35 -> 0
B33: Оснащены образовательные учреждения в сфере культуры (детские школы искусств по видам искусств и училищ) музыкальными инструментами, ед. | C33: х | D33: х | E33: Всего | F33: 2023 год | G33: 2024 год | H33: 2025 год | I33: Итого 2026 год | J33: В том числе по кварталам: | N33: 2027 год | O33: 2028 год
J34: I | K34: II | L34: III | M34: IV
E35: =I35 -> 1 | F35: 0 | G35: 0 | H35: 0 | I35: 1 | J35: 0 | K35: 0 | L35: 1 | M35: 1 | N35: 0 | O35: 0
A36: 2.4. | B36: Мероприятие 03.10. Проведение текущего ремонта организаций дополнительного образования сферы культуры | C36: 2023-2028 | D36: Итого | E36: =F36+G36+H36+I36+N36+O36 -> 3004.56 | F36: =F37 -> 0 | G36: =G37 -> 0 | H36: =H37 -> 0 | I36: =I37 -> 3004.56 | N36: =N37 -> 0 | O36: =O37 -> 0 | P36: МАУДО Детская музыкальная школа ГОЩ, МБУДО Фряновская детская школа искусств ГОЩ, МАУДО Детская школа искусств им. Ю.А. Розума ГОЩ, МБУДО Медвежье-Озёрская детская школа искусств ГОЩ, МАУДО Детская художественная школа ГОЩ
D37: Средства бюджета городского округа Щёлково | E37: =F37+G37+H37+I37+N37+O37 -> 3004.56 | F37: =F39 -> 0 | G37: =G39 -> 0 | H37: =H39 -> 0 | I37: 3004.56 | N37: =N39 -> 0 | O37: 0
B38: Проведен текущий ремонт муниципальных организаций дополнительного образования сферы культуры, ед. | C38: х | D38: х | E38: Всего | F38: 2023 год | G38: 2024 год | H38: 2025 год | I38: Итого 2026 год | J38: В том числе по кварталам: | N38: 2027 год | O38: 2028 год
J39: I | K39: II | L39: III | M39: IV
E40: =F40+G40+H40+I40+N40+O40 -> 3 | F40: 0 | G40: 0 | H40: 0 | I40: 3 | J40: 0 | K40: 0 | L40: 1 | M40: 3 | N40: 0 | O40: 0
A41: 3. | B41: Основное мероприятие 05. Финансовое обеспечение организаций дополнительного образования сферы культуры Московской области | C41: 2023-2028 | D41: Итого | E41: =F41+G41+H41+I41+N41+O41 -> 55507.6 | F41: =F42+F43 -> 0 | G41: =G42+G43 -> 12922 | H41: =H42+H43 -> 34047.98 | I41: =I42+I43 -> 8537.62 | N41: =N42+N43 -> 0 | O41: =O42+O43 -> 0
D42: Средства бюджета городского округа Щёлково | E42: =F42+G42+H42+I42+N42+O42 -> 0 | F42: =F45 -> 0 | G42: =G45 -> 0 | H42: =H45 -> 0 | I42: =I45 -> 0 | N42: =N45 -> 0 | O42: =O45 -> 0
D43: Средства бюджета Московской области | E43: =F43+G43+H43+I43+N43+O43 -> 55507.6 | F43: =F46 -> 0 | G43: =G46+G52 -> 12922 | H43: =H46+H52+H57 -> 34047.98 | I43: =I46+I52+I57 -> 8537.62 | N43: =N46 -> 0 | O43: =O46 -> 0
A44: 3.1. | B44: Мероприятие 05.02. Финансовое обеспечение выплат преподавателям в области музыкального искусства организаций дополнительного образования сферы культуры | C44: 2023-2028 | D44: Итого | E44: =F44+G44+H44+I44+N44+O44 -> 19242.92 | F44: =F45+F46 -> 0 | G44: =G45+G46 -> 0 | H44: =H45+H46 -> 11014.92 | I44: =I45+I46 -> 8228 | N44: =N45 -> 0 | O44: =O45 -> 0 | P44: МАУДО Детская музыкальная школа ГОЩ, МБУДО Фряновская детская школа искусств ГОЩ, МАУДО Детская школа искусств им. Ю.А. Розума ГОЩ, МБУДО Медвежье-Озёрская детская школа искусств ГОЩ
D45: Средства бюджета городского округа Щёлково | E45: =F45+G45+H45+I45+N45+O45 -> 0 | F45: 0 | G45: 0 | H45: 0 | I45: 0 | N45: 0 | O45: 0
D46: Средства бюджета Московской области | E46: =F46+G46+H46+I46+N46+O46 -> 19242.92 | F46: 0 | G46: 0 | H46: 11014.92 | I46: =9843.12-1615.12 -> 8228 | N46: 0 | O46: 0
B47: Доля преподавателей в области музыкального искусства организаций дополнительного образования сферы культуры, которым произведены выплаты в общей численности указанной категории преподавателей в области музыкального искусства организаций дополнительного образования сферы культуры, которым предусмотрены выплаты, процент | C47: х | D47: х | E47: Всего | F47: 2023 год | G47: 2024 год | H47: 2025 год | I47: Итого 2026 год | J47: В том числе по кварталам: | N47: 2027 год | O47: 2028 год
J48: I | K48: II | L48: III | M48: IV
E49: 100 | F49: 0 | G49: 0 | H49: 100 | I49: 100 | J49: 100 | K49: 100 | L49: 100 | M49: 100 | N49: 0 | O49: 0
A50: 3.2. | B50: Мероприятие 05.03. Сохранение достигнутого уровня заработной платы педагогических работников организаций дополнительного образования сферы культуры | C50: 2023-2024 | D50: Итого | E50: =F50+G50+H50+I50+N50+O50 -> 35496 | F50: =F51+F52 -> 0 | G50: =G51+G52 -> 12922 | H50: =H51+H52 -> 22574 | I50: =I51+I52 -> 0 | N50: =N51 -> 0 | O50: =O51 -> 0 | P50: МАУДО Детская музыкальная школа ГОЩ, МБУДО Фряновская детская школа искусств ГОЩ, МАУДО Детская школа искусств им. Ю.А. Розума ГОЩ, МБУДО Медвежье-Озёрская детская школа искусств ГОЩ, МАУДО Детская художественная школа ГОЩ
D51: Средства бюджета городского округа Щёлково | E51: =F51+G51+H51+I51+N51+O51 -> 0 | F51: 0 | G51: 0 | H51: 0 | I51: 0 | N51: 0 | O51: 0
D52: Средства бюджета Московской области | E52: =F52+G52+H52+I52+N52+O52 -> 35496 | F52: 0 | G52: 12922 | H52: 22574 | I52: 0 | N52: 0 | O52: 0
B53: Соотношение средней заработной платы педагогических работников организаций дополнительного образования сферы культуры без учета внешних совместителей и среднемесячной номинальной начисленной заработной платы учителей в Московской области, процент | C53: х | D53: х | E53: Всего | F53: 2023 год | G53: 2024 год | H53: 2025 год | I53: Итого 2026 год | J53: В том числе по кварталам: | N53: 2027 год | O53: 2028 год
J54: I | K54: II | L54: III | M54: IV
E55: 111.74 | F55: 0 | G55: 111.74 | H55: 110.74 | I55: - | J55: - | K55: - | L55: - | M55: - | N55: - | O55: -
A56: 3.3. | B56: Мероприятие 05.04. Предоставление детям отдельных категорий граждан права бесплатного посещения занятий по дополнительным образовательным программам в области искусств, реализуемым на основе договоров об оказании платных образовательных услуг в муниципальных организациях дополнительного образования детей | C56: 2023-2024 | D56: Итого | E56: =F56+G56+H56+I56+N56+O56 -> 768.68 | F56: =F57+F58 -> 0 | G56: =G57+G58 -> 0 | H56: =H57+H58 -> 459.06 | I56: =I57+I58 -> 309.62 | N56: =N57 -> 0 | O56: =O57 -> 0 | P56: МАУДО Детская музыкальная школа ГОЩ, МБУДО Фряновская детская школа искусств ГОЩ, МАУДО Детская школа искусств им. Ю.А. Розума ГОЩ, МБУДО Медвежье-Озёрская детская школа искусств ГОЩ, МАУДО Детская художественная школа ГОЩ
D57: Средства бюджета Московской области | E57: =F57+G57+H57+I57+N57+O57 -> 768.68 | F57: 0 | G57: 0 | H57: 459.06 | I57: 309.62 | N57: 0 | O57: 0
D58: Средства бюджета городского округа Щёлково | E58: =F58+G58+H58+I58+N58+O58 -> 0 | F58: 0 | G58: 0 | H58: 0 | I58: 0 | N58: 0 | O58: 0
B59: Количество детей отдельных категорий граждан, реализовавших право бесплатного посещения занятий по дополнительным образовательным программам, реализуемым на платной основе в муниципальных организациях дополнительного образования сферы культуры в Московской области, человек | C59: х | D59: х | E59: Всего | F59: 2023 год | G59: 2024 год | H59: 2025 год | I59: Итого 2026 год | J59: В том числе по кварталам: | N59: 2027 год | O59: 2028 год
J60: I | K60: II | L60: III | M60: IV
E61: =H61+I61 -> 33 | F61: - | G61: - | H61: 17 | I61: =M61 -> 16 | J61: 0 | K61: 0 | L61: 0 | M61: 16 | N61: - | O61: -
A62: 4. | B62: Основное мероприятие Я5. Федеральный проект «Семейные ценности и инфраструктура культуры» | C62: 2023-2028 | D62: Итого | E62: =F62+G62+H62+I62+N62+O62 -> 23215.47 | F62: =F63+F65 -> 0 | G62: =G63+G65 -> 0 | H62: =H63+H65+H64 -> 6613.12 | I62: =I63+I65 -> 0 | N62: =N63+N65+N64 -> 16602.35 | O62: =O63+O65+O64 -> 0
D63: Средства бюджета городского округа Щёлково | E63: =F63+G63+H63+I63+N63+O63 -> 5541.47 | F63: =F67 -> 0 | G63: =G67 -> 0 | H63: =H67 -> 1673.12 | I63: =I67 -> 0 | N63: =N67 -> 3868.35 | O63: =O67 -> 0
D64: Средства Федерального бюджета | E64: =F64+G64+H64+I64+N64+O64 -> 12060.04 | F64: =F68 -> 0 | G64: =G68 -> 0 | H64: =H68 -> 3655.6 | I64: =I68 -> 0 | N64: =N68 -> 8404.44 | O64: =O68 -> 0
D65: Средства бюджета Московской области | E65: =F65+G65+H65+I65+N65+O65 -> 5613.96 | F65: =F69 -> 0 | G65: =G69 -> 0 | H65: =H69 -> 1284.4 | I65: =I69 -> 0 | N65: =N69 -> 4329.56 | O65: =O69 -> 0
A66: 4.1. | B66: Мероприятие Я5.01. Государственная поддержка отрасли культуры (в части приобретения музыкальных инструментов, оборудования и учебных материалов для оснащения образовательных организаций в сфере культуры Московской области) | C66: 2023-2028 | D66: Итого | E66: =F66+G66+H66+I66+N66+O66 -> 23215.47 | F66: =F67+F69+F68 -> 0 | G66: =G67+G69+G68 -> 0 | H66: =H67+H68+H69 -> 6613.12 | I66: =I67+I69+I68 -> 0 | N66: =N67+N68+N69 -> 16602.35 | O66: =O67+O68+O69 -> 0 | P66: МАУДО Детская музыкальная школа ГОЩ, МБУДО Фряновская детская школа искусств ГОЩ, МАУДО Детская школа искусств им. Ю.А. Розума ГОЩ, МБУДО Медвежье-Озёрская детская школа искусств ГОЩ
D67: Средства бюджета городского округа Щёлково | E67: =F67+G67+H67+I67+N67+O67 -> 5541.47 | F67: 0 | G67: 0 | H67: 1673.12 | I67: 0 | N67: 3868.35 | O67: 0
D68: Средства Федерального бюджета | E68: =F68+G68+H68+I68+N68+O68 -> 12060.04 | F68: 0 | G68: 0 | H68: 3655.6 | I68: 0 | N68: 8404.44 | O68: 0
D69: Средства бюджета Московской области | E69: =F69+G69+H69+I69+N69+O69 -> 5613.96 | F69: 0 | G69: 0 | H69: 1284.4 | I69: 0 | N69: 4329.56 | O69: 0
B70: Оснащены образовательные организации в сфере культуры (детские школы искусств и училищ) музыкальными инструментами, оборудованием и учебными материалами, ед. | C70: х | D70: х | E70: Всего | F70: 2023 год | G70: 2024 год | H70: 2025 год | I70: Итого 2026 год | J70: В том числе по кварталам: | N70: 2027 год | O70: 2028 год
J71: I | K71: II | L71: III | M71: IV
E72: 3 | F72: 0 | G72: 0 | H72: 1 | I72: 0 | J72: 0 | K72: 0 | L72: 0 | M72: 0 | N72: 2 | O72: 0
B73: Итого по подпрограмме | C73: 2023-2028 | D73: Итого | E73: =F73+G73+H73+I73+N73+O73 -> 2724124.2 | F73: =F77+F74+F75+F76 -> 332159.5 | G73: =G77+G74+G75+G76 -> 468783.22 | H73: =H77+H74+H75+H76 -> 459718.22 | I73: =I77+I74+I75+I76 -> 493019.71 | N73: =N77+N74+N75+N76 -> 496242.88 | O73: =O77+O74+O75+O76 -> 474200.68
D74: Средства бюджета городского округа Щёлково | E74: =F74+G74+H74+I74+N74+O74 -> 2482838.1 | F74: =F8+F17+F42 -> 306196.81 | G74: =G8+G17+G42 -> 426912.06 | H74: =H8+H17+H42+H63 -> 391018.05 | I74: =I8+I17+I42+I63 -> 456401.59 | N74: =N8+N17+N42+N63 -> 455808.88 | O74: =O8+O17+O42+O63 -> 446500.68
D75: Средства бюджета Московской области | E75: =F75+G75+H75+I75+N75+O75 -> 61502.06 | F75: =F43 -> 0 | G75: =G43 -> 12922 | H75: =H18+H43+H65 -> 35332.38 | I75: =I18++I43+I65 -> 8918.12 | N75: =N18++N43+N65 -> 4329.56 | O75: =O18++O43+O65 -> 0
D76: Средства Федерального бюджета | E76: =F76+G76+H76+I76+N76+O76 -> 12060.04 | F76: =F68 -> 0 | G76: =G68 -> 0 | H76: =H68 -> 3655.6 | I76: =I68 -> 0 | N76: =N68 -> 8404.44 | O76: =O68 -> 0
D77: Внебюджетные средства | E77: =F77+G77+H77+I77+N77+O77 -> 167724.04 | F77: =F9 -> 25962.69 | G77: =G9 -> 28949.16 | H77: =H9 -> 29712.19 | I77: =I9 -> 27700 | N77: =N9 -> 27700 | O77: =O9 -> 27700

Sheet паспорт пп 8
A3: Паспорт подпрограммы VIII «Обеспечивающая подпрограмма»
A5: Муниципальный заказчик подпрограммы | C5: Комитет по культуре и туризму Администрации городского округа Щёлково
A6: Источники финансирования подпрограммы,в том числе по годам: | B6: Главный распорядитель бюджетных средств: Комитет по культуре и туризму Администрации городского округа Щёлково | C6: Источник финансирования | D6: Расходы (тыс. рублей)
D7: Всего | E7: 2023 | F7: 2024 | G7: 2025 | H7: 2026 | I7: 2027 | J7: 2028
C8: Средства бюджета городского округа Щёлково | D8: =SUM(E8:J8) -> 155574.45 | E8: =пп8!F16 -> 23523.89 | F8: =пп8!G16 -> 26152.03 | G8: =пп8!H16 -> 27349.82 | H8: =пп8!I16 -> 26957.57 | I8: =пп8!J16 -> 25795.57 | J8: =пп8!K16 -> 25795.57
C9: Средства бюджета Московской области | D9: =SUM(E9:J9) -> 255.46 | E9: =пп8!F17 -> 255.46 | F9: =пп8!G17 -> 0 | G9: =пп8!H17 -> 0 | H9: =пп8!I17 -> 0 | I9: =пп8!J17 -> 0 | J9: =пп8!K17 -> 0
C10: Всего, в том числе: | D10: =SUM(E10:J10) -> 155829.91 | E10: =E8+E9 -> 23779.35 | F10: =F8+F9 -> 26152.03 | G10: =G8+G9 -> 27349.82 | H10: =H8+H9 -> 26957.57 | I10: =I8+I9 -> 25795.57 | J10: =J8+J9 -> 25795.57

Sheet пп8
A1: Перечень мероприятий подпрограммы VIII «Обеспечивающая подпрограмма»
A4: № п/п | B4: Мероприятие подпрограммы | C4: Сроки исполнения, годы | D4: Источник финансирования | E4: Всего (тыс.руб.) | F4: Объем финансирования по годам (тыс.руб.) | L4: Ответственный за выполнение мероприятия
F6: 2023 год | G6: 2024 год | H6: 2025 год | I6: 2026 год | J6: 2027 год | K6: 2028 год
A7: 1 | B7: Основное мероприятие 01. Создание условий для реализации полномочий органов местного самоуправления | C7: 2023-2028 | D7: Итого | E7: =F7+G7+H7+I7+J7+K7 -> 155829.91 | F7: =F8+F9 -> 23779.35 | G7: =G8+G9 -> 26152.03 | H7: =H8+H9 -> 27349.82 | I7: =I8+I9 -> 26957.57 | J7: =J8+J9 -> 25795.57 | K7: =K8+K9 -> 25795.57
D8: Средства бюджета городского округа Щёлково | E8: =F8+G8+H8+I8+J8+K8 -> 155574.45 | F8: =F11+F14 -> 23523.89 | G8: =G11+G14 -> 26152.03 | H8: =H11+H14 -> 27349.82 | I8: =I11+I14 -> 26957.57 | J8: =J11+J14 -> 25795.57 | K8: =K11+K14 -> 25795.57
D9: Средства бюджета Московской области | E9: =F9+G9+H9+I9+J9+K9 -> 255.46 | F9: =F12 -> 255.46 | G9: =G12 -> 0 | H9: =H12 -> 0 | I9: =I12 -> 0 | J9: =J12 -> 0 | K9: =K12 -> 0
A10: 1.1. | B10: Мероприятие 01.01. Обеспечение деятельности муниципальных органов - учреждения в сфере культуры | C10: 2023-2028 | D10: Итого | E10: =F10+G10+H10+I10+J10+K10 -> 151772.51 | F10: 23720.35 | G10: 23153 | H10: =H11 -> 26820.45 | I10: =I11 -> 26487.57 | J10: =J11 -> 25795.57 | K10: =K11 -> 25795.57 | L10: Комитет по культуре и туризму Администрации городского округа Щёлково
D11: Средства бюджета городского округа Щёлково | E11: =F11+G11+H11+I11+J11+K11 -> 154296.08 | F11: 23464.89 | G11: 25932.03 | H11: 26820.45 | I11: 26487.57 | J11: 25795.57 | K11: 25795.57
D12: Средства бюджета Московской области | E12: =F12+G12+H12+I12+J12+K12 -> 255.46 | F12: 255.46 | G12: 0 | H12: 0 | I12: 0 | J12: 0 | K12: 0
A13: 1.2. | B13: Мероприятие 01.02. Мероприятия в сфере культуры | C13: 2023-2028 | D13: Итого | E13: =F13+G13+H13+I13+J13+K13 -> 1278.37 | F13: 59 | G13: =G14 -> 220 | H13: =H14 -> 529.37 | I13: =I14 -> 470 | J13: =J14 -> 0 | K13: =K14 -> 0 | L13: Комитет по культуре и туризму Администрации городского округа Щёлково
D14: Средства бюджета городского округа Щёлково | E14: =F14+G14+H14+I14+J14+K14 -> 1278.37 | F14: 59 | G14: 220 | H14: 529.37 | I14: =500-30 -> 470 | J14: 0 | K14: 0
B15: Итого по подпрограмме | C15: 2023-2028 | D15: Итого | E15: =F15+G15+H15+I15+J15+K15 -> 155829.91 | F15: =F16+F17 -> 23779.35 | G15: =G16+G17 -> 26152.03 | H15: =H16+H17 -> 27349.82 | I15: =I16+I17 -> 26957.57 | J15: =J16+J17 -> 25795.57 | K15: =K16+K17 -> 25795.57
D16: Средства бюджета городского округа Щёлково | E16: =F16+G16+H16+I16+J16+K16 -> 155574.45 | F16: =F8 -> 23523.89 | G16: =G8 -> 26152.03 | H16: =H8 -> 27349.82 | I16: =I8 -> 26957.57 | J16: =J8 -> 25795.57 | K16: =K8 -> 25795.57
D17: Средства бюджета Московской области | E17: =F17+G17+H17+I17+J17+K17 -> 255.46 | F17: =F9 -> 255.46 | G17: =G9 -> 0 | H17: =H9 -> 0 | I17: =I9 -> 0 | J17: =J9 -> 0 | K17: =K9 -> 0
